Workbook
Name Acciones_Categoría_3: '[1]Ponderaciones y parámetros'!$K$6:$N$6
Name Nombre: #REF!
Name Nombre: #REF!
Name Simulador: [1]Listas!$B$2:$B$4

Sheet Inicio
C3: AUTODIAGNÓSTICO DE GESTIÓN
C5: POLÍTICA GOBIERNO DIGITAL (ANTES GOBIERNO EN LÍNEA)
D8: INSTRUCCIONES DE DILIGENCIAMIENTO
D11: AUTODIAGNÓSTICO
D14: PLAN DE ACCIÓN

Sheet Instrucciones
C3: AUTODIAGNÓSTICO DE GESTIÓN POLÍTICA DE GOBIERNO DIGITAL
C5: INSTRUCCIONES DE DILIGENCIAMIENTO
C7: Este archivo hace parte de un conjunto de herramientas de Autodiagnóstico que permitirán a cada entidad desarrollar un ejercicio de valoración del estado de cada una de las dimensiones en las cuales se estructura el Modelo Integrado de Gestión y Planeación, con el propósito de que la entidad logre contar con una línea base respecto a los aspectos que debe fortalecer, los cuales deben ser incluídos en su planeación institucional. Este puede ser utilizado en el momento en que lo considere pertinente, sin implicar esto reporte alguno a Función Pública, a otras instancias del Gobierno o a organismos de Control.
C12: A continuación, se explica en detalle como se debe diligenciar.
C15: Autodiagnóstico:
C17: Está compuesto por las siguientes columnas:
C19: - | D19: Componentes: son los grandes temas que enmarcan la política objeto de medición.
C20: - | D20: Calificación: puntaje automático obtenido como resultado de la autocalificación que haga en el avance de la política.
C21: - | D21: Categoría: corresponde a las acciones que la entidad debe contemplar para el avance de la respectiva política.
C22: - | D22: Calificación: puntaje automatico obtenido como resultado de la autocalificación que haga en el avance de la política.
C23: - | D23: Actividades de Gestión: son las actividades puntuales que la entidad debe estar implementando para considerar el avance en la implementación de la política.
C24: - | D24: Puntaje: es la casilla donde la entidad se autocalificará de acuerdo con las actividades descritas, en una escala de 0 a 100
C25: - | D25: Ayuda: observaciones que debe tener en cuenta para la calificación de cada actividad.
C27: Las ÚNICAS celdas que debe diligenciar son la del nombre de la Entidad y la columna de Puntaje (resaltada en azúl).
C29: Para la calificación, se estableció una escala de 5 niveles así:
C31: Puntaje | D31: Nivel | E31: Color
C32: 0 - 20 | D32: 1
C33: 21 - 40 | D33: 2
C34: 41 - 60 | D34: 3
C35: 61- 80 | D35: 4
C36: 81- 100 | D36: 5
C38: Cuando se ingresa un puntaje, esa columna automáticamente mostrará el color que corresponde según la escala anterior. Así mismo, la calificación de las categorías, de los componentes y la calificación total se generan automáticamente. Recuerde sólo ingresar puntajes de 0 a 100
C41: Los resultados finales solo reflejarán el resultado de los puntajes diligenciados. Si alguna casilla se deja en blanco, no contará para los resultados
C43: Si usted considera que alguna de las actividades no aplica para su Entidad por sus características particulares, no diligencie puntaje. Por ejemplo, si en su entidad no se efectúan negociaciones colectivas por no haber sindicatos, en el ítem "Negociación Colectiva" usted no deberá ingresar ningún puntaje.
C47: ES MUY IMPORTANTE que los puntajes ingresados sean lo más objetivos posible, y que exista un soporte para cada uno de ellos. El propósito principal es identificar oportunidades de mejora, para lo cual es fundamental ser objetivos en los puntajes ingresados.
C50: Cuando finalice de calificar las actividades de gestión, podrá ver de manera gráfica los principales resultados, haciendo click en el botón GRÁFICAS, o regresar al menú principal.
C53: Gráficas:
C55: En esta hoja se podrán visualizar de una manera más clara y sencilla los resultados obtenidos. Estas se generarán automáticamente una vez sea diligenciado el autodiagnóstico.
C57: En la primera gráfica, se muestra el puntaje total obtenido por la entidad, comparado con cada uno de los niveles de calificación. De esta manera podrá visualizar en que nivel se encuentra actualmente y cuantos le faltan para alcanzar el maximo puntaje.
C60: En la segunda gráfica se presentan las calificaciones obtenidas por cada uno de los componentes que integran la política. Igualmente se comparan con los 5 niveles establecidos.
C62: Y por último, se muestra la calificación por categorías. Dado que el número de categorías es muy grande, se dividieron en varias gráficas.
C65: En conjunto, estos resultados le permitirán identificar cuales son las categorías y componentes que presentan un mayor rezago, o cuya implementación está más retrasada, y así poder centrar su prioridad al momento de realizar el plan de implementación.
C69: Plan de Acción:
... C75: 1. Documentación y guías de referencia (color gris): contiene toda la información y documentos de consulta que pueden ser útiles y deben ser de conocimiento
C77: - | D77: Guías normas y técnicas
C78: - | D78: Buenas prácticas e innovación
C79: - | D79: Normatividad
C80: - | D80: Otros
C82: 2. Planeación y Ruta de acción (color narajna): la idea es generar un plan de acción con base en el diagnóstico realizado. Los elementos mínimos que se proponen para ello, son:
C84: - | D84: Diseñar alternativas de mejora
C85: - | D85: Definir las mejoras a implementar, incluyendo el plazo y los responsables de la implementación
C86: - | D86: Evaluar la eficacia de las acciones implementadas y volver a diligenciar el autodiagnóstico
C88: Aunque el cuadro puede ser diligenciado en su totalidad, se recomienda iniciar y darle prioridad a aquellas actividades que obtuvieron menores puntajes y que se encuentran en color rojo, naranja y amarillo.
K99: INICIO

Sheet Autodiagnóstico
C3: AUTODIAGNÓSTICO DE GESTIÓN POLÍTICA DE GOBIERNO DIGITAL
C5: ENTIDAD | G5: CALIFICACIÓN TOTAL
C6: Agencia Nacional de Tierras | G6: =((D10+D22+D33+D69)/4) -> 61.899802
C8: COMPONENTES | D8: CALIFICACIÓN | E8: CATEGORÍA | F8: CALIFICACIÓN | G8: ACTIVIDADES DE GESTIÓN | H8: PUNTAJE (0 - 100) | I8: AYUDA
C10: TIC para Gobierno Abierto | D10: =(((F10+F16+F17)/3)+F18)/2 -> 90.166667 | E10: Indicadores de Proceso Logro: Transparencia | F10: =(H10+H11+H13+H14+H15)/5 -> 98 | G10: Durante el periodo evaluado, la entidad publicó su sitio web oficial, en la sección "transparencia y acceso a la información pública" la siguiente información: a. Mecanismos para interponer PQRSD b. Localización física, sucursales o regionales, horarios y días de atención al público c. Funciones y deberes de la entidad d. Organigrama de la entidad e. Directorio de información de servidores públicos, empleados y contratistas o enlace al SIGEP f. Normatividad general y reglamentaria g. Presupuesto vigente asignado h. Ejecución presupuestal histórica anual i. Plan Estratégico Institucional y Plan de Acción anual j. Políticas y lineamientos o manuales G1 k. Planes estratégicos, sectoriales e institucionales según sea el caso l. Plan anticorrupción y de atención al ciudadano m. Plan de gasto público n. Proyectos de inversión en ejecución o. Mecanismos para la participación en la formulación de políticas p. Informes de gestión, evaluación y auditoría q. Entes de control que vigilan la entidad r. Planes de Mejoramiento (de organismos de control, internos y derivados de ejercicios de rendición de cuentas) s. Publicación de la información contractual (o enlace SECOP) t. Plan Anual de Adquisiciones (PAA) u. Oferta de la entidad (Programas, servicios, trámites y otros procedimientos administrativos inscritos en el SUIT) v. Registro de Activos de Información w. Índice de Información Clasificada y Reservada x. Esquema de Publicación de Información y. Programa de Gestión Documental z. Tablas de Retención Documental aa. Políticas de seguridad de la información del sitio web y protección de datos personales ab. Respuestas de la entidad a las solicitudes de información ac. Directorio de agremiaciones, asociaciones, entidades del sector, grupos étnicos y otros grupos de interés ad. Calendario de actividades ae. Informes de Rendición de Cuentas af. Ofertas de empleo ag. Informes de empalme ah. Preguntas y respuestas frecuentes | H10: 90 | I10: En caso que quiera consultar mayor información sobre las obligaciones relacionadas con esta actividad, consulte las siguientes normas: Anexo 1 - Resolución 3564 de 2015: Reglamenta aspectos relacionados con la Ley de Transparencia y Acceso a la Información Pública Decreto Reglamentario Único 1081 de 2015: Reglamento sobre la gestión de la información pública Título 9 - Decreto 1078 de 2015: Decreto Único Reglamentario del Sector de Tecnologías de la Información y las Comunicaciones Ley 1712 de 2014 - Ley de Transparencia y acceso a la información pública FORMA DE ASIGNAR EL PUNTAJE: Entidades nacionales y territoriales: Para obtener el puntaje, divida el número de temas que publicó la entidad la entidad sobre el total de temas que debe publicar (34), enunciados en los literales (a) hasta (ah). Luego, multiplique el resultado por 100.
G11: Señale los criterios de accesibilidad que cumplió la Entidad en su sitio Web, en el periodo evaluado: a. Contenido no textual b. Información y relaciones c. Sugerencia significativa d. Características sensoriales e. Uso del color f. Teclado g. Sin trampas para el foco del teclado h. Tiempo ajustable i. Poner en pausa, detener, ocultar j. Evitar bloques k. Titulado de páginas l. Orden del foco m. Propósito de los enlaces (en contexto) n. Idioma de la página o. Al recibir el foco p. Al recibir entradas q. Identificación de errores r. Etiquetas o instrucciones s. Procesamiento t. Nombre, función, valor u. Ninguno de los anteriores | H11: 100 | I11: En caso de requerir mayor información sobre esta actividad, consulte: * La Guía Interactiva de la Norma Técnica de Accesibilidad 5854, disponible en el siguiente enlace: http://ntc5854.accesibilidadweb.co/ * La Guía de Usabilidad, disponible en enl siguiente enlace: http://estrategia.gobiernoenlinea.gov.co/623/articles-8237_guia_usabilidad.pdf FORMA DE ASIGNAR EL PUNTAJE: En el caso de las entidades del orden nacional, realice de forma independiente las siguientes operaciones: 1. Divida el número de criterios de accesibilidad que cumplió el sitio web de la entidad sobre el total de criterios evaluados (20) enunciados en los literales (a) hasta (t)., y luego, multiplique el resultado por 100. 2. Divida el número de criterios de usabilidad que cumplió el sitio web de la entidad sobre el total de criterios evaluados (21) enunciados en los literales (a) hasta (u) , y luego multiplique el resultado por 100. Posteriormente, sume los resultados obtenidos en las 2 operaciones anteriores y divida el resultado entre dos. En el caso de las entidades del orden territorial, realice de forma independiente las siguientes operaciones: 1. Sume el número de criterios de accesibilidad enunciados en los literales (a) hasta (t). que cumplió el sitio web de la entidad en el periodo evaluado. Si el resultado es 0, obtiene 0. Si es de 1 a 5, obtiene 20. Si es de 6 a 10, obtiene 30. Si es de 11 a 15, obtiene 40. Si es mayor a 15, obtiene 50. 2. Sume el número de criterios de usabilidad enunciados en los literales (a) hasta (u) que cumplió el sitio web de la entidad en el periodo evaluado. Si el resultado es 0, obtiene 0. Si es de 1 a 5, obtiene 10. Si es de 6 a 10, obtiene 20. Si es de 11 a 15, obtiene 30. Si es de 16 a 20, obtiene 40. Si es mayor a 20, obtiene 50. Posteriormente, sume los resultados obtenidos en las 2 operaciones anteriores.
G12: Señale las directrices de usabilidad que cumplió la Entidad en su sitio Web en el periodo evaluado: a. El sitio web permite conocer la ruta recorrida por el usuario en la navegación del sitio (Ruta de migas) b. Las URL generadas en los diferentes niveles de navegación no tienen variables o caracteres especiales y son fáciles de leer (URL limpios) c. El diseño gráfico del sitio web se conserva en todos los sitios de navegación (Navegación global consistente) d. El logo de la entidad ubicado en el encabezado, direcciona al inicio del sitio web (Vínculo a página de inicio) e. El sitio web de la entidad permite el ingreso a través de diferentes navegadores como Google Chrome, Internet Explorar, Mozilla, entre otros (Independencia de navegador) f. Los enlaces del sitio web indican claramente el contenido al cual conducen. No tienen textos como "ver más", "clic aquí", entre otros. (Enlaces bien formulados). g. El sitio no cuenta con ventanas emergentes en ningún nivel de navegación h. El sitio web hace un uso adecuado de títulos y encabezados con sus correspondientes etiquetas HTML, por ejemplo <h1>, <h2> ... l. El sitio web no tiene vínculos rotos m. Todos los contenidos del sitio web están alineados a la izquierda (Justificación del texto) n. El cuerpo de texto no supera los 100 caracteres por línea (Ancho del cuerpo de texto) o. En ningún contenido del sitio web existen textos subrayados para destacar, excepto si son enlaces a otros contenidos (Texto subrayado) p. El sitio web no permite desplazamiento de izquierda a derecha para consultar contenidos. q. El sitio web cuenta con diferentes hojas de estilo para su correcta navegación (pantalla, móvil, impresión). En caso que el sitio web sea responsivo sólo requiere formato de impresión. r. El sitio web le indica al usuario cuando ha visitado contenidos de la página (Vínculos visitados) s. Los formularios del sitio web tienen correctamente señalizados los campos obligatorios t. Es clara la correspondencia entre el título del campo en los formularios y el espacio dispuesto para el ingreso de la información u. Ejemplos en los campos de formulario v. Ninguno de los anteriores
G13: Indique el porcentaje de ejercicios de rendición de cuentas realizados por la entidad soportados en medios electrónicos respecto al total de ejercicios de rendición de cuentas realizados por la entidad durante el periodo evaluado | H13: 100 | I13: Se entiende que los ejercicios de rendición de cuentas soportados en medios electrónicos son todas las actividades que permiten la entrega de información por parte de la entidad sobre la ejecución de sus planes, programas, proyectos y de su presupuesto así como el recibo de consultas y sugerencias a través de TIC. Algunos ejemplos son: transmisiones de audiencias públicas de rendiciones de cuentas por radio, televisión, Facebook live, hangouts por youtube, vía streaming o videoconferencias, envío de correos electrónicos, mensajes de texto o publicación en el sitio web de la convocatoria para la participación en audiencias públicas de rendiciones de cuentas, habilitación de chats, foros y redes para dialogar sobre la gestión de la entidad. En caso de requerir mayor información, consulte los Lineamientos para la rendición de cuentas por medios electrónicos, disponibles en el siguiente enlace: http://estrategia.gobiernoenlinea.gov.co/623/articles-8248_lineamientos_rendicion.pdf FORMA DE ASIGNAR EL PUNTAJE: En el caso de las entidades del orden nacional, divida el número de ejercicios de rendición de cuentas realizados por la entidad soportados en medios electrónicos sobre el total de ejercicios de rendición de cuentas realizados por la entidad en el periodo evaluado, y luego multiplique el resultado por 100. (No use el símbolo % en su respuesta). Si el resultado es mayor o igual a 50, la entidad obtiene un puntaje de 100. Así proporcionalmente. En el caso de las entidades del orden territorial, si la entidad realizó uno o más de sus ejercicios de rendición de cuentas (por ejemplo a través de la habilitación de chats, foros y/o espacios virtuales para el diálogo sobre la gestión de la entidad, la publicación de la convocatoria y/o de los resultados de los ejercicios de rendición de cuentas en el sitio web de la entidad, o la transmisión de los ejercicios de rendición de cuentas a través de radio, televisión, facebook live o youtube) obtiene 100. De lo contrario, el puntaje es 0.
G14: Indique el porcentaje de datos abiertos actualizados y difundidos respecto del total de datos estratégicos identificados en el periodo evaluado | H14: 100 | I14: Entiéndase actualizado si el conjunto de datos abiertos está vigente. Entiéndase estratégico como el conjunto de datos que genera valor (impacto) dentro o fuera de la Entidad. Por ejemplo: datos de salud, educación, impuestos, movilidad, seguridad ciudadana, salud pública, contratación, gastos gubernamentales, calidad de agua, códigos postales, contratación, pronóstico del tiempo, resultados electorales, calidad del aire, límites geográficos, propiedad de la tierra, estadísticas nacional, empresas registradas en el territorio, reparación a las víctimas y ordenamiento territorial. También datos que atiendan solicitudes recurrentes, información que ha sido ya utilizada para estudios, análisis y estadísitcas (validando el manejo adecuado de la información confidencial) FORMA DE ASIGNAR EL PUNTAJE: En el caso de las entidades del orden nacional, para obtener el puntaje de la entidad en esta actividad, divida el número datos abiertos actualizados y difundidos sobre el total de datos estratégicos, y luego multiplique el resultado por 100. Si el resultado le da mayor o igual a 50 obtendrá 100 si el valor es mayor o igual a 30 y menor a 50 obtendrá 50 (No use el símbolo % en su respuesta) En el caso de las entidades del orden territorial, para obtener el puntaje de la entidad en esta actividad, divida el número datos abiertos actualizados y difundidos sobre el total de datos estratégicos, si el resultado es mayor o igual 0,5, la entidad obtiene un puntaje de 100. Si el resultado es mayor o igual a 0,3 y menor a 0,5 obtiene un puntaje 75. Si el resultado es mayor a 0,1 y menor a 0,3 obtiene un puntaje de 50. Si el resultado es mayor a 0 y menor o igual a 0,1 obtiene un puntaje de 25
G15: ¿La entidad realizó durante el periodo evaluado seguimiento al uso de datos abiertos publicados? | H15: 100 | I15: La Entidad puede hacer seguimiento al uso de datos, verificando el número de descargas y visitas a sus conjuntos de datos publicados en el portal de www.datos.gov.co Para mayor información, consulte la Guía de datos abiertos en Colombia (página 31): http://estrategia.gobiernoenlinea.gov.co/623/articles-8248_Guia_Apertura_Datos.pdf FORMA DE ASIGNAR EL PUNTAJE: Entidades nacionales y territoriales: Si la entidad sí realizó seguimiento al uso de datos abiertos, su puntaje es 100. De lo contrario, es 0.
E16: Indicadores de Proceso Logro: Colaboración | F16: =H16 -> 100 | G16: La entidad adelantó durante el periodo evaluado acciones, iniciativas o ejercicios de colaboración con terceros usando medios electrónicos para solucionar un problema de la Entidad | H16: 100 | I16: Entiéndase acciones, iniciativas o ejercicios de colaboración con terceros como el trabajo conjunto entre la entidad y otros actores externos (academia, movimientos, ciudadanos, empresas privadas, medios de comunicación, proveedores, ONG, entre otros) con el propósito de desarrollar soluciones a retos o problemáticas identificadas.. En caso de requerir mayor información, consulte la Guía de innovación, disponible en el siguiente enlace: http://estrategia.gobiernoenlinea.gov.co/623/articles-8250_Guiainnovacion.pdf FORMA DE ASIGNAR EL PUNTAJE: Entidades nacionales y territoriales: Si la entidad adelantó acciones, iniciativas o ejercicios de colaboración con terceros usando medios electrónicos, su puntaje es 100. De lo contrario, es 0.
E17: Indicadores de Proceso Logro: Participación | F17: =H17 -> 43 | G17: De las actividades formuladas en la estrategia de participación ciudadana, señale cuáles se realizaron por medios electrónicos: a. Rendición de cuentas b. Elaboración de normatividad c. Formulación de la planeación d. Formulación de políticas, programas y proyectos e. Ejecución de programas, proyectos y servicios f. Ejercicios de innovación abierta para la solución de problemas relacionados con sus funciones g. Promoción del control social y veedurías ciudadanas e. Ninguno de los anteriores | H17: 43 | I17: Entiéndase participación como el involucramiento de los usuarios, ciudadanos y grupos de interés en las etapas de la gestión pública: planeación, ejecución, seguimiento y mejora. En caso de requerir mayor información, consulte los documentos: Gobierno en redes, disponible en: http://estrategia.gobiernoenlinea.gov.co/623/articles-8248_recurso_3.pdf; Protocolo de Interacción en redes sociales, disponible en http://estrategia.gobiernoenlinea.gov.co/623/articles-8248_recurso_4.pdf Protocolo Google & Hangouts, disponible en: http://estrategia.gobiernoenlinea.gov.co/623/articles-8248_recurso_5.pdf FORMA DE ASIGNAR EL PUNTAJE: En el caso de las entidades del orden nacional, Divida el número de actividades formuladas en la estrategia de participación ciudadana por medios electrónicos (número de respuestas de la a. hasta la g.) sobre el número total de actividades formuladas en la estrategia de participación ciudadana (7) y multiplique por 100 En el caso de las entidades del orden territorial, si la entidad usó medios electrónicos para soportar la participación por parte terceros en una o más de las actividades que aparecen como opciones de respuesta desde la (a) hasta la (g), la entidad obtiene un puntaje de 100. De lo contrario, obtiene 0.
E18: Indicadores de resultado Componente TIC para Gobierno abierto | F18: =(H18+H19+H20+H21)/4 -> 100 | G18: Indique el porcentaje de conjuntos de datos abiertos estratégicos publicados respecto del total de conjuntos de datos estratégicos identificados, durante el periodo evaluado | H18: 100 | I18: Entiéndase estratégico como el conjunto de datos que genera valor (impacto) dentro o fuera de la Entidad. FORMA DE ASIGNAR EL PUNTAJE: En el caso de las entidades del orden nacional, divida el número datos abiertos estratégicos publicados sobre el total de datos estratégicos identificados, y luego multiplique el resultado por 100. (No use el símbolo % en su respuesta). En el caso de las entidades del orden territorial, divida el número datos abiertos estratégicos publicados sobre el total de datos estratégicos identificados. Si es mayor a 0 y menor o igual a 0,3 obtiene 50. Si es mayor a 0,3 obtiene 100.
G19: Se realizaron publicaciones o aplicaciones a partir de los datos abiertos por la entidad, durante el periodo evaluado | H19: 100 | I19: Las publicaciones y/o aplicaciones pueden ser generadas a partir del uso de los datos abiertos por la entidad pueden ser generadas por la misma entidad o por otros actores o grupos de interés (academia, centros de investigación, medios de comunicación, empresas, entre otros). FORMA DE ASIGNAR EL PUNTAJE: Entidades del orden nacional y territorial: Si se realizó una o más publicaciones o aplicaciones a partir de los datos abiertos por la entidad, su puntaje es 100. De lo contrario, es 0.
G20: Durante el periodo evaluado se generaron soluciones o insumos para la solución de las problemáticas o necesidades de la entidad ,a partir de las acciones, iniciativas o ejercicios de colaboración con terceros usando medios electrónicos. | H20: 100 | I20: Para mayor información consulte la Guía de innovación abierta por medios electrónicos, disponible en el siguiente enlace http://estrategia.gobiernoenlinea.gov.co/623/articles-8250_Guiainnovacion.pdf FORMA DE ASIGNAR EL PUNTAJE: Entidades del orden nacional y territorial: Si se generó una o más soluciones o insumos que permitieran la solución de las problemáticas o necesidades de la entidad a partir de las acciones, iniciativas o ejercicios de colaboración con terceros, usando medios electrónicos, el puntaje de la entidad es 100. De lo contrario, es 0.
G21: Indique el porcentaje de ejercicios, iniciativas o acciones de participación que realizó la Entidad con la ciudadanía, usuarios o grupos de interés utilizando medios electrónicos para la consulta o toma de decisiones, respecto del total de ejercicios, iniciativas o acciones de participación que ha realizado la Entidad con la ciudadanía, usuarios o grupos de interés, durante el periodo evaluado. | H21: 100 | I21: Entiéndase iniciativa, ejercicio o acciones de participación como las actividades el involucramiento de los usuarios, ciudadanos y grupos de interés en las etapas de la gestión pública: planeación, ejecución, seguimiento y mejora. Para mayor información consulte la Guía desarrollo ejercicios de participación, disponible en el siguiente enlace: http://estrategia.gobiernoenlinea.gov.co/623/articles-8249_anexo_ejercicios.pdf FORMA DE ASIGNAR EL PUNTAJE: Para obtener el puntaje de la entidad en esta actividad, divida el número ejercicios, iniciativas o acciones de participación que ha realizado la Entidad con la ciudadanía, usuarios o grupos de interés utilizando medios electrónicos para la consulta o toma de decisiones sobre el total de ejercicios, iniciativas o acciones de participación que ha realizado la Entidad con la ciudadanía, usuarios o grupos de interés, y luego multiplique el resultado por 100. (No use el símbolo % en su respuesta) Entidades del orden nacional y territorial: Si el resultado es mayor o igual a 30, obtiene un puntaje de 100. Si el resultado es mayor o igual a 15 y menor a 30, obtiene un puntaje de 50. De lo contrario 0
C22: TIC para Servicios | D22: =(((F22+F26+F29)/3)+F31)/2 -> 25 | E22: Indicadores de Proceso Logro: Servicios centrados en el usuario | F22: =(H22+H23+H24+H25)/4 -> 50 | G22: Indique el porcentaje de trámites y Otros Procedimientos Administrativos (OPA) en línea de la entidad que contaron con caracterización de usuarios respecto del total de trámites y servicios en línea, para el periodo evaluado | H22: 0 | I22: La caracterización de usuarios se refiere al conocimiento detallado de las necesidades y características de los usuarios, ciudadanos y grupos de interés de la entidad, de forma tal que las actividades de diseño, rediseño, comunicación y mejoramiento de OPA y servicios respondan a éstas. Se denomina Otros Procedimientos Administrativos (OPA) al conjunto de acciones que realiza el usuario de manera voluntaria para obtener un producto o servicio que ofrece una institución de la administración pública o un particular que ejerce funciones administrativas dentro del ámbito de su competencia, sus características son la NO obligatoriedad para el usuario y no tienen costo para éste. Por lo general estos procedimientos administrativos están asociados con un trámite, ya que de éste se pueden generar acciones de consulta, certificaciones, constancias, entre otras, los cuales acreditan el resultado de un trámite. Un ejemplo de trámite es el impuesto de Industria y Comercio (ICA), y la OPA de este trámite es el certificado de paz y salvo del impuesto (ICA). Se entiende que un trámite o servicio es parcialmente en línea cuando uno o más de los pasos que lo conforman puede realizarse a través de Tecnologías de la Información y las Comunicaciones (TIC) como Internet, teléfono, fax o cajero automático. Por ejemplo cuando es posible realizar el diligenciamiento en línea de un formulario, cuando permite realizar un pago electrónico, cuando se puede realizar la consulta en línea de la respuesta del trámite o cuando se realiza el envío de los requisitos para realizar el trámite por correo electrónico. Se entiende que un trámite es totalmente en línea cuando todos los pasos que lo conforman pueden realizarse a través de TIC. En estos casos, el usuario NO TIENE que desplazarse a algún punto de atención de la Institución. Para mayor información consulte la Guía de caracterización de ciudadanos, usuarios y grupos de interés, disponible en el siguiente enlace: https://colaboracion.dnp.gov.co/CDT/Programa%20Nacional%20del%20Servicio%20al%20Ciudadano/Guia%20de%20Caracterizaci%C3%B3n%20de%20Ciudadanos.pdf FORMA DE ASIGNAR EL PUNTAJE: En el caso de las entidades del orden nacional, divida por separado: 1. El número de trámites (total y parcialmente) en línea que tienen sus usuarios caracterizados sobre el Total de trámites (total y parcialmente) en línea, y luego multiplique el resultado por 100. (No use el símbolo % en su respuesta) 2. El número de OPA (total y parcialmente) en línea que tienen sus usuarios caracterizados sobre el Total de OPA (total y parcialmente) en línea, y luego multiplique el resultado por 100. (No use el símbolo % en su respuesta) Luego, saque el promedio simple a partir de las 2 operaciones realizadas anteriormente, y coloque este resultado como su puntaje. Tenga en cuenta que si no tiene trámites u OPA no deberá sacar el promedio, el puntaje será el resultado de la operación 1 o la operación 2 según aplique. En el caso de las entidades del orden territorial, divida por separado: 1. El número de trámites (total y parcialmente) en línea que tienen sus usuarios caracterizados sobre el Total de trámites (total y parcialmente) en línea, y luego multiplique el resultado por 100. (No use el símbolo % en su respuesta) 2. El número de OPA (total y parcialmente) en línea que tienen sus usuarios caracterizados sobre el Total de OPA (total y parcialmente) en línea, y luego multiplique el resultado por 100. (No use el símbolo % en su respuesta) Luego, saque el promedio simple a partir de las 2 operaciones realizadas anteriormente y asigne el puntaje de acuerdo con las siguientes condiciones: Si el resultado es 0, obtiene 0 Si el resultado es mayor que 0 y menor o igual a 0,1, obtiene 25. Si el resultado es mayor que 0,1 y menor o igual a 0,25 obtiene 50. Si el resultado es mayor que 0,25 y menor o igual a 0,5 obtiene 75. Si el resultado es mayor o igual a 0,5 obtiene 100. NOTA: Tenga en cuenta que si la entidad no tiene trámites u OPA no deberá sacar el promedio. En este caso se tome únicamente el resultado de la operación 1 o la operación 2 según aplique y asigne el puntaje según las mismas condiciones señaladas anteriormente. (No use el símbolo % en su respuesta).
G23: Indique el porcentaje de trámites y OPA en línea de la entidad que cumplieron criterios de accesibilidad respecto del total de trámites y servicios total y parcialmente en línea, para el periodo evaluado | H23: 100 | I23: Los criterios de accesibilidad están definidos en la Norma Técnica Colombiana 5854, la cual fue puesta en operación por la Fundación Saldarriaga, Colnodo e Icontec: http://ntc5854.accesibilidadweb.co/ Para esta evaluación se entenderá que los trámites y servicios de la entidad cumplen con los criterios de accesibilidad cuando no se generan errores al realizar la evaluación automática o manual de los criterios aplicables al trámite o servicio. Estas son algunas de las herramientas que se encuentran en internet para validar el nivel de accesibilidad de la página web como por ejemplo: http://tawdis.net/ * http://examinator.ws/ * http://www.sidar.org/hera/, o cualquier otro recomendado por la w3c. Se denomina Otros Procedimientos Administrativos (OPA) al conjunto de acciones que realiza el usuario de manera voluntaria para obtener un producto o servicio que ofrece una institución de la administración pública o un particular que ejerce funciones administrativas dentro del ámbito de su competencia, sus características son la NO obligatoriedad para el usuario y no tienen costo para éste. Por lo general estos procedimientos administrativos están asociados con un trámite, ya que de éste se pueden generar acciones de consulta, certificaciones, constancias, entre otras, los cuales acreditan el resultado de un trámite. Un ejemplo de trámite es el impuesto de Industria y Comercio (ICA), y la OPA de este trámite es el certificado de paz y salvo del impuesto (ICA). Se entiende que un trámite o servicio es parcialmente en línea cuando uno o más de los pasos que lo conforman puede realizarse a través de Tecnologías de la Información y las Comunicaciones (TIC) como Internet, teléfono, fax o cajero automático. Por ejemplo cuando es posible realizar el diligenciamiento en línea de un formulario, cuando permite realizar un pago electrónico, cuando se puede realizar la consulta en línea de la respuesta del trámite o cuando se realiza el envío de los requisitos para realizar el trámite por correo electrónico. Se entiende que un trámite es totalmente en línea cuando todos los pasos que lo conforman pueden realizarse a través de TIC. En estos casos, el usuario NO TIENE que desplazarse a algún punto de atención de la Institución. FORMA DE ASIGNAR EL PUNTAJE: En el caso de las entidades del orden nacional, divida por separado: 1. El número de trámites (total y parcialmente) en línea que cumplen todos los criterios de accesibilidad sobre el Total de trámites (total y parcialmente) en línea, y luego multiplique el resultado por 100. (No use el símbolo % en su respuesta) 2. El número de OPA (total y parcialmente) en línea que cumplen todos los criterios de accesibilidad sobre el Total de OPA (total y parcialmente) en línea, y luego multiplique el resultado por 100. (No use el símbolo % en su respuesta) Luego, saque un promedio simple a partir de los resultados obtenidos anteriormente. Tenga en cuenta que si no tiene trámites u OPA no deberá sacar el promedio, el puntaje será el resultado de la operación 1 o la operación 2 según aplique. En el caso de las entidades del orden territorial, divida por separado: 1. El número de trámites (total y parcialmente) en línea que cumplen todos los criterios de accesibilidad sobre el Total de trámites (total y parcialmente) en línea, y luego multiplique el resultado por 100. (No use el símbolo % en su respuesta) 2. El número de OPA (total y parcialmente) en línea que cumplen todos los criterios de accesibilidad sobre el Total de OPA (total y parcialmente) en línea, y luego multiplique el resultado por 100. (No use el símbolo % en su respuesta) Luego, saque el promedio simple a partir de las 2 operaciones realizadas anteriormente y asigne el puntaje de acuerdo con las siguientes condiciones: Si el resultado es 0, obtiene 0 Si el resultado es mayor que 0 y menor o igual a 0,1, obtiene 25. Si el resultado es mayor que 0,1 y menor o igual a 0,25 obtiene 50. Si el resultado es mayor que 0,25 y menor o igual a 0,5 obtiene 75. Si el resultado es mayor o igual a 0,5 obtiene 100. NOTA: Tenga en cuenta que si la entidad no tiene trámites u OPA no deberá sacar el promedio. En este caso se tome únicamente el resultado de la operación 1 o la operación 2 según aplique y asigne el puntaje según las mismas condiciones señaladas anteriormente. (No use el símbolo % en su respuesta).
G24: Indique el porcentaje de trámites y OPA total y parcialmente en línea de la entidad que cumplieron criterios de usabilidad respecto del total de trámites y servicios total y parcialmente en línea, para el periodo evaluado | H24: 100 | I24: La usabilidad busca que los trámites disponibles por medios electrónicos sean de fácil uso, y proporcionen una mejor experiencia a los usuarios, ciudadanos y grupos de interés. Se denomina Otros Procedimientos Administrativos (OPA) al conjunto de acciones que realiza el usuario de manera voluntaria para obtener un producto o servicio que ofrece una institución de la administración pública o un particular que ejerce funciones administrativas dentro del ámbito de su competencia, sus características son la NO obligatoriedad para el usuario y no tienen costo para éste. Por lo general estos procedimientos administrativos están asociados con un trámite, ya que de éste se pueden generar acciones de consulta, certificaciones, constancias, entre otras, los cuales acreditan el resultado de un trámite. Un ejemplo de trámite es el impuesto de Industria y Comercio (ICA), y la OPA de este trámite es el certificado de paz y salvo del impuesto (ICA). Se entiende que un trámite o servicio es parcialmente en línea cuando uno o más de los pasos que lo conforman puede realizarse a través de Tecnologías de la Información y las Comunicaciones (TIC) como Internet, teléfono, fax o cajero automático. Por ejemplo cuando es posible realizar el diligenciamiento en línea de un formulario, cuando permite realizar un pago electrónico, cuando se puede realizar la consulta en línea de la respuesta del trámite o cuando se realiza el envío de los requisitos para realizar el trámite por correo electrónico. Se entiende que un trámite es totalmente en línea cuando todos los pasos que lo conforman pueden realizarse a través de TIC. En estos casos, el usuario NO TIENE que desplazarse a algún punto de atención de la Institución. Se entiende que un trámite es totalmente en línea cuando todos los pasos que lo conforman pueden realizarse a través de TIC. En estos casos, el usuario NO TIENE que desplazarse a algún punto de atención de la Institución. Para efectos de este autodiagnóstico se entenderá que los trámites y servicios en línea son usables cuando cumplen los siguientes criterios: a. El sitio web permite conocer la ruta recorrida por el usuario en la navegación del sitio (Ruta de migas) b. Las URL generadas en los diferentes niveles de navegación no tienen variables o caracteres especiales y son fáciles de leer (URL limpios) c. El diseño gráfico del sitio web se conserva en todos los sitios de navegación (Navegación global consistente) d. El logo de la entidad ubicado en el encabezado, direcciona al inicio del sitio web (Vínculo a página de inicio) e. El sitio web de la entidad permite el ingreso a través de diferentes navegadores como Google Chrome, Internet Explorar, Mozilla, entre otros (Independencia de navegador) f. Los enlaces del sitio web indican claramente el contenido al cual conducen. No tienen textos como "ver más", "clic aquí", entre otros. (Enlaces bien formulados). g. El sitio no cuenta con ventanas emergentes en ningún nivel de navegación h. El sitio web hace un uso adecuado de títulos y encabezados con sus correspondientes etiquetas HTML, por ejemplo <h1>, <h2> ... l. El sitio web no tien vínculos rotos m. Todos los contenidos del sitio web están alineados a la izquierda (Justificación del texto) n. El cuerpo de texto no supera los 100 caracteres por línea (Ancho del cuerpo de texto) o. En ningún contenido del sitio web existen textos subrayados para destacar, excepto si son enlaces a otros contenidos (Texto subrayado) p. El sitio web no permite desplazamiento de izquierda a derecha para consultar contenidos. q. El sitio web cuenta con diferentes hojas de estilo para si correcta navegación (pantalla, móvil, impresión). En caso que el sitio web sea responsivo sólo requiere formato de impresión. r. El sitio web le indica al usuario cuando ha visitado contenidos de la página (Vínculos visitados) s. Los formularios del sitio web tienen correctamente señalizados los campos obligatorios t. Es clara la correspondencia entre el título del campo en los formularios y el espacio dispuesto para el ingreso de la información u. Ejemplos en los campos de formulario Para conocer más de los lineamientos de usabilidad, lo invitamos a consultar la Guía de Usabilidad para Gobierno en línea, disponible en el siguiente enlace: http://estrategia.gobiernoenlinea.gov.co/623/articles-8237_guia_usabilidad.pdf FORMA DE ASIGNAR EL PUNTAJE: En el caso de las entidades del orden nacional, divida por separado: 1. El número de trámites (total y parcialmente) en línea que cumplen todos los criterios de usabilidad sobre el Total de trámites (total y parcialmente) en línea, y luego multiplique el resultado por 100. (No use el símbolo % en su respuesta) 2. El número de OPA (total y parcialmente) en línea que cumplen todos los criterios de usabilidad sobre el Total de OPA (total y parcialmente) en línea, y luego multiplique el resultado por 100. (No use el símbolo % en su respuesta) Luego, saque un promedio simple a partir de los resultados obtenidos anteriormente. Tenga en cuenta que si no tiene trámites u OPA no deberá sacar el promedio, el puntaje será el resultado de la operación 1 o la operación 2 según aplique. En el caso de las entidades del orden territorial, divida por separado: 1. El número de trámites (total y parcialmente) en línea que cumplen todos los criterios de usabilidad sobre el Total de trámites (total y parcialmente) en línea, y luego multiplique el resultado por 100. (No use el símbolo % en su respuesta) 2. El número de OPA (total y parcialmente) en línea que cumplen todos los criterios de usabilidad sobre el Total de OPA (total y parcialmente) en línea, y luego multiplique el resultado por 100. (No use el símbolo % en su respuesta) Luego, saque el promedio simple a partir de las 2 operaciones realizadas anteriormente y asigne el puntaje de acuerdo con las siguientes condiciones: Si el resultado es 0, obtiene 0 Si el resultado es mayor que 0 y menor o igual a 0,1, obtiene 25. Si el resultado es mayor que 0,1 y menor o igual a 0,25 obtiene 50. Si el resultado es mayor que 0,25 y menor o igual a 0,5 obtiene 75. Si el resultado es mayor o igual a 0,5 obtiene 100. NOTA: Tenga en cuenta que si la entidad no tiene trámites u OPA no deberá sacar el promedio. En este caso se tome únicamente el resultado de la operación 1 o la operación 2 según aplique y asigne el puntaje según las mismas condiciones señaladas anteriormente. (No use el símbolo % en su respuesta).
G25: Indique el porcentaje de trámites y OPA parcial y totalmente en línea de la entidad que fueron promocionados para aumentar su uso, respecto del total de trámites y servicios total y parcialmente en línea, para el periodo evaluado | H25: 0 | I25: Se denomina Otros Procedimientos Administrativos (OPA) al conjunto de acciones que realiza el usuario de manera voluntaria para obtener un producto o servicio que ofrece una institución de la administración pública o un particular que ejerce funciones administrativas dentro del ámbito de su competencia, sus características son la NO obligatoriedad para el usuario y no tienen costo para éste. Por lo general estos procedimientos administrativos están asociados con un trámite, ya que de éste se pueden generar acciones de consulta, certificaciones, constancias, entre otras, los cuales acreditan el resultado de un trámite. Un ejemplo de trámite es el impuesto de Industria y Comercio (ICA), y la OPA de este trámite es el certificado de paz y salvo del impuesto (ICA). Se entiende que un trámite o servicio es parcialmente en línea cuando uno o más de los pasos que lo conforman puede realizarse a través de Tecnologías de la Información y las Comunicaciones (TIC) como Internet, teléfono, fax o cajero automático. Por ejemplo, cuando es posible realizar el diligenciamiento en línea de un formulario, cuando permite realizar un pago electrónico, cuando se puede realizar la consulta en línea de la respuesta del trámite o cuando se realiza el envío de los requisitos para realizar el trámite por correo electrónico. Se entiende que un trámite es totalmente en línea cuando todos los pasos que lo conforman pueden realizarse a través de TIC. En estos casos, el usuario NO TIENE que desplazarse a algún punto de atención de la Institución. FORMA DE ASIGNAR EL PUNTAJE: En el caso de las entidades del orden nacional, divida por separado: 1. El número de trámites (total y parcialmente) en línea que fueron promocionados para aumentar su uso sobre el Total de trámites (total y parcialmente) en línea, y luego multiplique el resultado por 100. (No use el símbolo % en su respuesta) 2. El número de OPA (total y parcialmente) en línea que fueron promocionados para aumentar su uso sobre el Total de OPA (total y parcialmente) en línea, y luego multiplique el resultado por 100. (No use el símbolo % en su respuesta) Luego, saque un promedio simple a partir de los resultados obtenidos anteriormente. Tenga en cuenta que si no tiene trámites u OPA no deberá sacar el promedio, el puntaje será el resultado de la operación 1 o la operación 2 según aplique. En el caso de las entidades del orden territorial, divida por separado: 1. El número de trámites (total y parcialmente) en línea que fueron promocionados para aumentar su uso sobre el Total de trámites (total y parcialmente) en línea, y luego multiplique el resultado por 100. (No use el símbolo % en su respuesta) 2. El número de OPA (total y parcialmente) en línea que fueron promocionados para aumentar su uso sobre el Total de OPA (total y parcialmente) en línea, y luego multiplique el resultado por 100. (No use el símbolo % en su respuesta) Luego, saque el promedio simple a partir de las 2 operaciones realizadas anteriormente y asigne el puntaje de acuerdo con las siguientes condiciones: Si el resultado es 0, obtiene 0 Si el resultado es mayor que 0 y menor o igual a 0,1, obtiene 25. Si el resultado es mayor que 0,1 y menor o igual a 0,25 obtiene 50. Si el resultado es mayor que 0,25 y menor o igual a 0,5 obtiene 75. Si el resultado es mayor o igual a 0,5 obtiene 100. NOTA: Tenga en cuenta que si la entidad no tiene trámites u OPA no deberá sacar el promedio. En este caso se tome únicamente el resultado de la operación 1 o la operación 2 según aplique y asigne el puntaje según las mismas condiciones señaladas anteriormente. (No use el símbolo % en su respuesta).
E26: Indicadores de Proceso Logro: Sistema integrado de PQRD | F26: =(H27+H26+H28)/3 -> 100 | G26: Durante el periodo evaluado, la entidad contó con un formulario en su página Web para la recepción de peticiones, quejas, reclamos y denuncias | H26: 100 | I26: FORMA DE ASIGNAR EL PUNTAJE: Entidades del orden nacional y territorial: Si la entidad cuenta con un sistema web para la recepción, trámite y respuesta de PQRD, el puntaje es 100. De lo contrario, es 0.
G27: Durante el periodo evaluado, la entidad ofreció la posibilidad de realizar peticiones, quejas, reclamos y denuncias a través de dispositivos móviles | H27: 100 | I27: Tenga en cuenta que se trata de que el sitio para la recepción de peticiones, quejas, reclamos y denuncias tenga un diseño web adaptativo, de forma que su visualización se ajuste a cualquier dispositivo electrónico FORMA DE ASIGNAR EL PUNTAJE: Entidades del orden nacional y territorial: Si la entidad cuenta con un sistema móvil para la recepción, trámite y respuesta de PQRD, el puntaje es 100. De lo contrario, es 0.
G28: Durante el periodo evaluado, la entidad contó con un sistema de información para el registro ordenado y la gestión de Peticiones, Quejas, Reclamos y Denuncias (PQRD) que centraliza todas las PQRD que ingresan por los diversos medios o canales | H28: 100 | I28: FORMA DE ASIGNAR EL PUNTAJE: Entidades del orden nacional y territorial: Si la entidad cuenta con un sistema que centraliza todas las PQRD que ingresan por los diversos medios o canales, el puntaje es 100. De lo contrario, es 0.
E29: Indicadores de Proceso Logro: Trámites y servicios en línea | F29: =(H29+H30)/2 -> 0 | G29: Indique el porcentaje de certificaciones y constancias de la entidad que podían hacerse en línea respecto del total de certificaciones y constancias que existían en la entidad | H29: 0 | I29: Al responder esta pregunta, tenga en cuenta las certificaciones y constancias que genere la entidad para usuarios tanto internos como externos, así como las generadas en desarrollo de trámites y servicios. Por ejemplo: certificaciones laborales, certificaciones de retención en la fuente o tributarias, certificaciones de paz y salvo, constancia de asistencia a eventos o capacitaciones organizados por la entidad. FORMA DE ASIGNAR EL PUNTAJE: En el caso de las entidades del orden nacional, divida el número de certificaciones y constancias que pueden realizarse en línea sobre el Total de certificaciones y constancias que ofrece la entidad, y luego multiplique el resultado por 100. (No use el símbolo % en su respuesta) En el caso de las entidades del orden territorial, divida el número de certificaciones y constancias que pueden realizarse en línea sobre el Total de certificaciones y constancias que ofrece la entidad. Si el resultado es 0, obtiene 0. Si el resultado es mayor que 0 y menor o igual a 0,1, obtiene 25. Si es mayor que 0,1 y menor o igual a 0,25 obtiene 50. Si es mayor que 0,25 y menor a 0,5, obtiene 75. Si es mayor o igual que 0,5, obtiene 100. (No use el símbolo % en su respuesta)
G30: Indique el porcentaje de trámites y OPA en línea y parcialmente en línea de la entidad respecto del total de trámites y OPA inscritos en el SUIT | H30: 0 | I30: Se entiende que un trámite o servicio es parcialmente en línea cuando uno o más de los pasos que lo conforman puede realizarse a través de Tecnologías de la Información y las Comunicaciones (TIC) como Internet, teléfono, fax o cajero automático. Por ejemplo cuando es posible realizar el diligenciamiento en línea de un formulario, cuando permite realizar un pago electrónico, cuando se puede realizar la consulta en línea de la respuesta del trámite o cuando se realiza el envío de los requisitos para realizar el trámite por correo electrónico. Se entiende que un trámite es totalmente en línea cuando todos los pasos que lo conforman pueden realizarse a través de TIC. En estos casos, el usuario NO TIENE que desplazarse a algún punto de atención de la Institución. FORMA DE ASIGNAR EL PUNTAJE: En el caso de las entidades del orden nacional divida por separado: 1. El total de trámites (parcial y totalmente) en línea sobre el Total de trámites de la entidad inscritos en el SUIT, y luego multiplique el resultado por 100. (No use el símbolo % en su respuesta) 2. El total de OPA (parcial y totalmente) línea sobre el Total de OPA inscritos en el SUIT, y luego multiplique el resultado por 100. (No use el símbolo % en su respuesta) Luego, saque un promedio simple a partir de los resultados obtenidos anteriormente. En el caso de las entidades del orden territorial, divida por separado: 1. El total de trámites (parcial y totalmente) en línea sobre el Total de trámites de la entidad inscritos en el SUIT, y luego multiplique el resultado por 100. (No use el símbolo % en su respuesta) 2. El total de OPA (parcial y totalmente) línea sobre el Total de OPA inscritos en el SUIT, y luego multiplique el resultado por 100. (No use el símbolo % en su respuesta) Luego, saque el promedio simple a partir de las 2 operaciones realizadas anteriormente y asigne el puntaje de acuerdo con las siguientes condiciones: Si el resultado es 0, obtiene 0 Si el resultado es mayor que 0 y menor o igual a 0,1, obtiene 25. Si el resultado es mayor que 0,1 y menor o igual a 0,25 obtiene 50. Si el resultado es mayor que 0,25 y menor o igual a 0,5 obtiene 75. Si el resultado es mayor o igual a 0,5 obtiene 100. NOTA: Tenga en cuenta que si la entidad no tiene trámites u OPA no deberá sacar el promedio. En este caso se tome únicamente el resultado de la operación 1 o la operación 2 según aplique y asigne el puntaje según las mismas condiciones señaladas anteriormente. (No use el símbolo % en su respuesta).
E31: Indicadores de Resultado TIC para Servicios | F31: =(H31+H32)/2 -> 0 | G31: Indique en una escala de 0 a 100 el nivel de satisfacción de los usuarios de sus trámites y servicios en línea, durante el periodo evaluado | H31: 0 | I31: Las mediciones de satisfacción pueden ser realizadas a través de encuestas web, estudios de percepción, evaluación de trámites y servicios en línea, entre otros. Lineamientos para el diseño e implementación de mediciones de percepción y expectativas ciudadanas, disponible en el siguiente enlace: http://estrategia.gobiernoenlinea.gov.co/623/articles-8237_medicion_percepcion.pdf FORMA DE ASIGNAR EL PUNTAJE: Entidades del orden nacional y territorial : Lleve a una escala de 0 a 100 el resultado del promedio de todas las evaluaciones de los usuarios de trámites y servicios en línea. Si el puntaje es mayor o igual a 80, la entidad obtendrá un puntaje de 100. De lo contrario, el puntaje será igual al resultado de la calificación del promedio de todas las evaluaciones de los usuarios respecto de sus trámites y servicios
G32: En relación con los 3 trámites/servicios en línea más demandados de la entidad, indique: a. ¿Cuánto tiempo (en días) demoraba la entidad en entregar el trámite/servicio más demandado desde la recepción de la solicitud del usuario hasta la entrega del producto de dicha solicitud, cuando el trámite/servicio se ofrecía de forma presencial? b. ¿Cuánto tiempo (en días) demora la entidad entregar el mismo trámite/servicio más demandado en línea, desde la recepción de la solicitud del usuario hasta la entrega del producto de dicha solicitud? c. ¿Cuánto tiempo (en días) demoraba la entidad en entregar el segundo trámite/servicio más demandado desde la recepción de la solicitud del usuario hasta la entrega del producto de dicha solicitud, cuando el trámite/servicio se ofrecía de forma presencial? d. ¿Cuánto tiempo (en días) demora la entidad entregar el mismo segundo trámite más demandado en línea, desde la recepción de la solicitud del usuario hasta la entrega del producto de dicha solicitud? e. ¿Cuánto tiempo (en días) demoraba la entidad en entregar el tercer trámite/servicio más demandado desde la recepción de la solicitud del usuario hasta la entrega del producto de dicha solicitud, cuando el trámite/servicio se ofrecía de forma presencial? f. ¿Cuánto tiempo (en días) demora la entidad entregar el mismo tercer trámite más demandado en línea, desde la recepción de la solicitud del usuario hasta la entrega del producto de dicha solicitud? g. ¿Cuánto pagaba el usuario a la entidad por realizar el primer trámite más demandado cuando debía hacerlo de forma presencial? h. ¿Cuánto paga el usuario a la entidad por realizar el mismo primer trámite más demandado al hacerlo en línea? i. ¿Cuánto pagaba el usuario a la entidad por realizar el segundo trámite más demandado cuando debía hacerlo de forma presencial? j. ¿Cuánto paga el usuario a la entidad por realizar el mismo segundo trámite más demandado al hacerlo en línea? k. ¿Cuánto pagaba el usuario a la entidad por realizar el tercer trámite más demandado cuando debía hacerlo de forma presencial? l. ¿Cuánto paga el usuario a la entidad por realizar el mismo tercer trámite más demandado al hacerlo en línea? | H32: 0 | I32: Responda la pregunta de acuerdo al número de trámites en línea que tenga la entidad. Lo anterior quiere decir que en caso que la entidad no tenga trámites en línea, no debe responder la pregunta. Así mismo, si sólo tiene un trámite en línea sólo debe responder lo que concierne a ese único trámite. FORMA DE ASIGNAR EL PUNTAJE: Entidades del orden nacional y territorial: Para calcular el puntaje de este indicador: 1. Si el tiempo que demora la entidad en entregar los productos de los 3 trámites/servicios en línea más demandados es inferior al tiempo que demoraba en entregarlos de forma presencial, obtiene 50 puntos. Si es igual, obtiene 25. Si es mayor, obtiene 0 puntos. Nota: En caso que el tiempo que demora la entidad en entregar el trámite/servicio sea inferior a 1 día, use la siguiente fórmula: Número de horas que le toma entregar el trámite o servicio / 24. 2. Si el costo de los 3 trámites/servicios en línea más demandados es inferior al costo que tenía que pagar el usuario por esos mismos trámites/servicios cuando debía hacerlos de forma presencial, obtiene 50 puntos. Si es igual, obtiene 25. Si es mayor, obtiene 0. Nota: Si los 3 trámites/servicios en línea más demandados nunca ha tenido costo para el usuario, obtiene 50. 3. Sume el resultado obtenido en los puntos 1 y 2
C33: TIC para la gestión | D33: =(((F33+F38+F42+F46+F52+F58+F59)/7)+F63)/2 -> 94.988095 | E33: Indicadores de Proceso Logro: Estrategia de TI | F33: =(H33+H34+H35+H36+H37)/5 -> 100 | G33: La entidad formuló y actualizó el Plan Estratégico de Tecnologías de Información (PETI), de acuerdo con el marco de referencia de Arquitectura Empresarial del Estado | H33: 100 | I33: De acuerdo al Marco de Referencia de Arquitectura Empresarial para la Gestión de TI del Estado colombiano, el Plan Estratégico de las Tecnologías de la Información y Comunicaciones (en adelante PETI) es el artefacto que se utiliza para expresar la Estrategia de TI. El PETI hace parte integral de la estrategia de la institución y es el resultado de un adecuado ejercicio de planeación estratégica de TI. Cada vez que una institución pública hace un ejercicio o proyecto de Arquitectura Empresarial, su resultado debe ser integrado al PETI. Debe ser proyectado a 4 años y deberá ser actualizado anualmente a razón de los cambios de la estrategia del sector, la institución y la evolución y tendencias de las Tecnologías de la Información. En caso de requerir mayor información, consulte la Guía para el diseño de un Plan Estratégico de las Tecnologías de Información, disponible en el siguiente enlace: https://www.mintic.gov.co/portal/604/articles-15399_foto_marquesina.pdf FORMA DE ASIGNAR EL PUNTAJE: Entidades del orden nacional y territorial: Si la entidad formuló y actualizó el PETI de acuerdo con el marco de referencia de Arquitectura Empresarial del Estado, su puntaje es 100. Si sólo lo formuló pero no está actualizado, su puntaje es 70. Si no tiene o está en proceso la formulación del PETI, su puntaje es 0.
G34: La entidad incluyó en el PETI: a. El portafolio o mapa de ruta de los proyectos b. La proyección del presupuesto, c. El entendimiento estratégico, d. El análisis de la situación actual, e. El plan de comunicaciones del PETI f. Todos los dominios del Marco de Referencia. | H34: 100 | I34: Se refiere a los ítems que debe tenerse en cuenta para la elaboración del PETI, los cuales pueden ser consultados en la guía G.ES.06 Guía Estructura PETI del Marco de Referencia de AE para la Gestión de TI, disponible en el siguiente enlace: http://www.mintic.gov.co/arquitecturati/630/w3-article-15031.html FORMA DE ASIGNAR EL PUNTAJE: Entidades del orden nacional y territorial: Para obtener el puntaje, divida el número de opciones de respuesta que tiene el PETI sobre el total de opciones de respuesta (6) indicados en los literales (a) hasta (f), y luego multiplique el resultado por 100. Si la entidad no tiene PETI o tiene PETI pero éste no incluye ninguna de las opciones de respuesta, tiene 0.
G35: Seleccione las actividades realizadas por la entidad en materia de monitoreo de la Estrategia de Gobierno en línea: a. Definición de indicadores de seguimiento y evaluación del PETI b. Medición de indicadores del PETI c. Formulación de acciones de mejora a partir de la medición de indicadores de seguimiento y evaluación del PETI | H35: 100 | I35: Hace referencia a la gestión de indicadores de cumplimiento de la Estrategia de TI definida en el PETI. Para determinar el nivel de avance y cumplimiento de las metas definida en el PETI En caso de requerir mayor información, consulte la Guía de Indicadores del dominio de Estrategia del Marco de Referencia de Arquitectura Empresarial para la Gestión de TI del Estado, disponible en el siguiente enlace: http://www.mintic.gov.co/arquitecturati/630/articles-8827_indicadores.pdf FORMA DE ASIGNAR EL PUNTAJE: Entidades del orden nacional y territorial: Si la entidad definió indicadores de seguimiento y evaluación del PETI, obtiene un puntaje de 30. Si definió indicadores de seguimiento y evaluación del PETI y realizó la medición de dicho indicadores, obtiene un puntaje de 60. Si definió indicadores de seguimiento y evaluación del PETI, realizó medición de dichos indicadores y generó acciones de mejora a partir de los resultados de la medición, obtiene 100. En cualquier caso contrario, obtiene 0.
G36: En relación con el catálogo de servicios de TI, la Entidad: a. Lo tiene y está actualizado b. Lo tiene y no está actualizado c. No lo tiene o se encuentra en proceso de construcción | H36: 100 | I36: Entiéndase actualizado si está vigente. El Catálogo de Servicios de TI es un inventario detallado y documentado de los servicios de TI que la institución tiene implementados y que se encuentran activos, incluyendo los que están disponibles para ser desplegados. El catálogo de servicios de TI es el subconjunto del portafolio de servicios publicado para los usuarios internos y externos. Para mayor información, consultar la guía G.ES.04 Guía para la definición del portafolio de servicios de TI del Marco de Referencia de Arquitectura Empresarial para la Gestión de TI., disponible en el siguiente enlace: http://www.mintic.gov.co/arquitecturati/630/w3-article-9482.html FORMA DE ASIGNAR EL PUNTAJE: Entidades del orden nacional y territorial: Si la entidad elaboró y actualizó el catálogo de servicios de TI, obtiene un puntaje 100. Si lo elaboró pero no está actualizado obtiene 50. Si no elaboró el catálogo o se encuentra en proceso de construcción, obtiene 0.
G37: Con respecto a Arquitectura Empresarial la Entidad: a. Realizó ejercicios de arquitectura empresarial de toda la entidad. b. Realizó ejercicios de arquitectura empresarial a nivel de uno proceso o más procesos de la entidad. c. Se encuentra en proceso de ejecución | H37: 100 | I37: Un ejercicio de Arquitectura Empresarial es una práctica estratégica que consiste en analizar integralmente las entidades desde diferentes perspectivas o dimensiones, con el propósito de obtener, evaluar y diagnosticar su estado actual y establecer la transformación necesaria. El objetivo es generar valor a través de las Tecnologías de la Información para que se ayude a materializar la visión de la entidad. Una arquitectura se descompone en varias estructuras o dimensiones para facilitar su estudio. En el caso colombiano, se plantea la realización de la arquitectura misional o de negocio y la definición de la arquitectura de TI, cuya descomposición se hizo en seis dominios: Estrategia de TI, Gobierno de TI, Información, Sistemas de Información, Servicios Tecnológicos y Uso y Apropiación. Para mayor información consultar la guía G.GEN.03. Guía General de un Proceso de AE del Marco de Referencia de Arquitectura Empresarial para la Gestión de TI del Estado Colombiano, disponible en el siguiente enlace: http://www.mintic.gov.co/arquitecturati/630/w3-article-9435.html FORMA DE ASIGNAR EL PUNTAJE: Entidades del orden nacional y territorial: Si la Entidad realizó ejercicios de arquitectura empresarial de toda la entidad, su puntaje es 100. Si Realizó ejercicios de arquitectura empresarial a nivel de uno proceso o más procesos de la entidad, su puntaje es 80. Si se encuentra en proceso de ejecución, su puntaje es 40. De lo contrario, su puntaje es 0.
E38: Indicadores de Proceso Logro: Gobierno de TI | F38: =(H38+H39+H40+H41)/4 -> 75 | G38: Durante el periodo evaluado, la entidad incorporó en su esquema de gobierno de TI a. Políticas de TI b. Procesos de TI c. Indicadores de TI d. Instancias de decisión de TI e. Roles y responsabilidades de TI f. Estructura organizacional del área de TI | H38: 100 | I38: Hace referencia a la metodología utilizada por la Entidad para la gestión de programas y proyectos asociados a TI. Incluye el direccionamiento de proyectos de TI y el seguimiento y evaluación de los mismos. Esta metodología deberá evaluar, direccionar y monitorear lo relacionado con TI, incluyendo los siguientes aspectos: alcance, costos, tiempo, equipo humano, compras, calidad, comunicación, interesados, riesgos e integración. Desde la estructuración de los proyectos de TI y hasta el cierre de los mismos, se deben incorporar las acciones necesarias para gestionar los cambios que surjan. Para mayor información, consulte la Guía del dominio de Gobierno TI del Marco de Referencia de Arquitectura Empresarial para la Gestión de TI, disponible en: http://www.mintic.gov.co/arquitecturati/630/w3-article-9267.html FORMA DE ASIGNAR EL PUNTAJE: Entidades del orden nacional y territorial: Para obtener el puntaje, divida el número de opciones de respuesta incorporadas en el esquema de gobierno de TI de la entidad sobre el total de opciones de respuesta (6) indicados en los literales a hasta f, y luego multiplique el resultado por 100.
G39: Con respecto a la optimización de las compras de TI, la entidad: a. Utilizó Acuerdos Marco de Precios para bienes y servicios de TI b. Utilizó contratos de agregación de demanda para bienes y servicios de TI. c. Aplicó metodologías o casos de negocio y criterios para la selección y/o evaluación de soluciones de TI | H39: 100 | I39: Para mayor información sobre los Acuerdos Marco de Precios, consulte la Guía para entender los Acuerdos Marco de Precios, disponible en: https://www.colombiacompra.gov.co/sites/default/files/manuales/acuerdos_marco.pdf FORMA DE ASIGNAR EL PUNTAJE: Entidades del orden nacional y territorial: Si la entidad únicamente utilizó Acuerdos Marco de Precios para bienes y servicios de TI, O utilizó contratos de Agregación de demanda para bienes y servicios de TI O aplicó metodologías o casos de negocio y criterios para la selección y/o evaluación de soluciones de TI, obtiene un puntaje de 50. Si utilizó Acuerdos Marco de Precios para bienes y servicios de TI, y utilizó contratos de agregación de demanda para bienes y servicios de TI, obtiene 70. Si utilizó Acuerdos Marco de Precios para bienes y servicios de TI, o útilizó contratos de agregación de demanda para bienes y servicios de TI, y aplicó metodologías o casos de negocio y criterios para la selección y/o evaluación de soluciones de TI, obtiene un puntaje es 100.
G40: Durante el periodo evaluado, la entidad usó una metodología para la gestión de proyectos de TI | H40: 0 | I40: Hace referencia a la metodología utilizada por la Entidad para la gestión de programas y proyectos asociados a TI. Incluye el direccionamiento de proyectos de TI y el seguimiento y evaluación de los mismos. Esta metodología deberá evaluar, direccionar y monitorear lo relacionado con TI, incluyendo los siguientes aspectos: alcance, costos, tiempo, equipo humano, compras, calidad, comunicación, interesados, riesgos e integración. Desde la estructuración de los proyectos de TI y hasta el cierre de los mismos, se deben incorporar las acciones necesarias para gestionar los cambios que surjan. FORMA DE ASIGNAR EL PUNTAJE: Entidades del orden nacional y territorial: Si la entidad usó una metodología para la gestión de sus proyectos de TI obtiene 100. En caso contrario, obtiene 0.
G41: Durante el periodo evaluado, hubo transferencia de conocimiento de los proveedores y/o contratistas de TI hacia la Entidad. | H41: 100 | I41: Se refiere a la transferencia de conocimiento hecha por proveedores y contratistas de las áreas de TI a los funcionarios una vez se termina el vínculo contractual asociado . Incluyendo planes de formación y de transferencia de conocimiento en caso de cambios del recurso humano interno. FORMA DE ASIGNAR EL PUNTAJE: Entidades del orden nacional y territorial: Si hubo transferencia de conocimiento de los proveedores y/o contratistas de TI hacia la entidad, obtiene 100. En caso contrario, obtiene 0.
E42: Indicadores de Proceso Logro: Información | F42: =(H42+H43+H44+H45)/4 -> 100 | G42: Con relación a la gestión y planeación de los componentes de información, la entidad: a. Definió un esquema de gobierno de los componentes de información b. Definió una metodología para el diseño de los componentes de Información c. Definió un esquema para el análisis y aprovechamiento de los componentes de Información. e. Ninguna de la anteriores | H42: 100 | I42: Los componentes de Información es el término utilizado para referirse al conjunto de los datos, la información, los servicios de información y los flujos bajo un único nombre. Un esquema de Gobierno de los Componentes de Información es el proceso de planeación y gobierno de los componentes de información. Incluyendo la definición de las directrices y liderar la gestión de los Componentes de información durante su ciclo de vida. Así mismo, debe trabajar en conjunto con las dependencias para establecer acuerdos que garanticen la calidad de la información. La metodología para el diseño de los Componentes de Información permite a las Entidades la adecuada caracterización y estructuración de los componentes de Información, garantizando los mecanismos que permitan el acceso a los servicios de información por parte de los diferentes grupos de interés, contemplando características de accesibilidad, seguridad y usabilidad. Un esquema para el análisis y aprovechamiento de los Componentes de Información permite a las entidades orientar y estructurar procesos de análisis y toma de decisiones a partir de los componentes de información que se procesan en las instituciones. Estableciendo mecanismos sencillos, confiables y seguros, para el entendimiento, análisis y aprovechamiento de la información por parte de los grupos de interés. Para mayor información, consultar la guía G.INF.01 Guía Técnica Básica de Información del Marco de Referencia de Arquitectura Empresarial para la Gestión de TI., disponible en el siguiente enlace: http://www.mintic.gov.co/arquitecturati/630/w3-article-9253.html FORMA DE ASIGNAR EL PUNTAJE: Entidades del orden nacional y territorial: Si la entidad definió un esquema de gobierno de los componentes de información, o definió una metodología para el diseño de los componentes de Información, o definió un esquema para el análisis y aprovechamiento de los componentes de información, obtiene un puntaje de 30. Si la entidad definió un esquema de gobierno de los componentes de información y definió una metodología para el diseño de los componentes de información, obtiene un puntaje de 70. Si definió un esquema de gobierno de los componentes de información y definió un esquema para el análisis y aprovechamiento de los componentes de información, obtiene un puntaje de 70. O sí definió una metodología para el diseño de los Componentes de Información y definió un esquema para el análisis y aprovechamiento de los componentes de información, obtiene un puntaje de 70. Si la entidad definió un esquema de gobierno de los componentes de información y definió una metodología para el diseño de los componentes de información y definió un esquema para el análisis y aprovechamiento de los componentes de información, obtiene un puntaje de 100.
G43: Del catalogó de componentes de información, la entidad ha documentado de acuerdo con el Marco de Referencia de Arquitectura empresarial: a El Catálogo o directorio de datos (abiertos y georreferenciados) b El Catálogo de Información c El Catálogo de Servicios de información d El Catálogo de Flujos de información | H43: 100 | I43: El catálogo de componentes de información, representa el punto de partida para la construcción de la arquitectura de información y la base para iniciar procesos de calidad de información de la entidad e interoperabilidad entre entidades. La entidad debe conocer que componentes de información posee y cuáles son sus características con el fin de proyectar nuevos servicios de información, identificar fuentes únicas de información, oportunidades de mejora en seguridad y calidad de los datos e información, identificar datos maestros, datos abiertos, definir controles y mejorar el nivel de acceso a la información y demás actividades propias de la gestión de información. Para mayor información consultar la guía G.INF.07 Guía Cómo construir el catálogo de Componentes de Información del Marco de Referencia de Arquitectura Empresarial para la Gestión de TI., disponible en el siguiente enlace: http://www.mintic.gov.co/arquitecturati/630/w3-article-47504.html FORMA D E ASIGNAR EL PUNTAJE: Entidades del orden nacional y territorial: Para obtener el puntaje, divida el número de catálogos de información que la entidad documentó sobre el total de catálogos (4), indicados en los literales (a) hasta (d), y luego multiplique el resultado por 100. En caso que no haya documentado nada, obtiene 0.
G44: Durante el periodo evaluado, la entidad usó el estándar GEL-XML en la implementación de servicios para el intercambio de información con otras entidades | H44: 100 | I44: FORMA DE ASIGNAR EL PUNTAJE: Entidades del orden nacional y territorial: Si la entidad utilizó el estándar GEL XML en la implementación de servicios para el intercambio de información con otras entidades, obtiene 100. De lo contrario, obtiene 0.
G45: Seleccione las actividades realizadas por la entidad en materia de monitoreo de la Estrategia de Gobierno en línea: a. Definición de un programa y/o estrategia de calidad de los componentes de información institucional b. Seguimiento del programa y/o estrategia de calidad de los componentes de información definido c. Implementación de los controles de calidad de los datos en los sistemas de información d. Definición de los indicadores y métricas para medir la calidad de los componentes de información e. Ejercicios de diagnóstico y perfilamiento de la calidad de datos. f. Definición y aplicación metodologías para medir la calidad de los componentes de información. | H45: 100 | I45: Se refiere a la identificación de los mecanismos definidos e implementados por la Entidad para la gestión de la calidad de los Componentes de Información. Este mecanismo incluya etapas de aseguramiento, control e inspección, medición de indicadores de calidad, actividades preventivas, correctivas y de mejoramiento continuo de la calidad de los componentes de información. FORMA DE ASIGNAR EL PUNTAJE: Entidades del orden nacional y territorial: Para obtener el puntaje, divida el número de actividades que realizó la entidad sobre el total de actividades (5) indicadas en los literales (a) hasta (f), y luego multiplique el resultado por 100.
E46: Indicadores de Proceso Logro: Sistemas de Información | F46: =(H46+H47+H48+H49+H50+H51)/6 -> 87.5 | G46: Durante el periodo evaluado, la entidad incorporó dentro de los contratos de desarrollo de sistemas de información, cláusulas que obliguen a realizar transferencia de derechos de autor a su favor. | H46: 100 | I46: Cuando se suscriban contratos con terceras partes bajo la figura de "obra creada por encargo", cuyo alcance incluya el desarrollo de elementos de software, el autor o autores de la obra deben transferir a la institución los derechos patrimoniales sobre los productos. Para mayor información consultar la guía G.SIS.01 Guía del dominio de Sistemas de Información del Marco de Referencia de Arquitectura Empresarial para la Gestión de TI, disponible en el siguiente enlace: http://www.mintic.gov.co/arquitecturati/630/w3-article-9262.html FORMA DE ASIGNAR EL PUNTAJE: Entidades del orden nacional y territorial: Si la entidad incorporó dentro de los contratos de desarrollo de sistemas de información cláusulas que obliguen a realizar transferencia de derechos de autor, obtiene un puntaje de 100. De lo contrario, obtiene 0.
G47: Durante el periodo evaluado, la entidad implementó dentro de sus sistemas de información la guía de estilo y las especificaciones técnicas de usabilidad definidas por la Entidad y el Ministerio de TIC en sus: a. Sistemas de información misionales b. Sistemas de información de soporte c. Sistemas de información estratégicos d. Portales digitales e. Ninguna de las anteriores | H47: 25 | I47: La Entidad define una guía de estilo y usabilidad única, que establezca los principios para el estilo de los componentes de presentación, estructura para la visualización de la información y procesos de navegación entre pantallas, entre otros. Esta guía de estilo y usabilidad debe estar particularizada para cada medio tecnológico o canal utilizado por los sistemas de información y, así mismo, debe estar alineada con los principios de usabilidad definidos por el Estado colombiano. Para los componentes de software, que sean propiedad de terceros, se debe realizar su personalización de manera que se busque brindar una adecuada experiencia de usuario. Para obtener el puntaje, divida el total de opciones de respuesta que cumplió la entidad sobre el total de opciones de respuesta, y luego multiplique el resultado por 100. FORMA DE ASIGNAR EL PUNTAJE: Entidades del orden nacional y territorial: Para obtener el puntaje, divida el número de sistemas de información en los que la entidad implementó la guía de estilo y las especificaciones técnicas de usabilidad, sobre el total de opciones de respuesta (4) enunciadas en los literales (a) hasta (d), y luego multiplique el resultado por 100.
G48: Durante el periodo evaluado, los sistemas de información de la entidad cumplieron con características que permiten la apertura de sus datos | H48: 100 | I48: Los sistemas de información tiene habilitadas aquellas características funcionales y no funcionales, necesarias para la apertura de sus datos, de acuerdo con la normativa del Estado colombiano. FORMA DE ASIGNAR EL PUNTAJE: Entidades del orden nacional y territorial: Si los sistemas de información de la entidad cumplen con características que permiten la apertura de sus datos, el puntaje de la entidad es 100. De lo contrario, es 0.
G49: Con respecto al ciclo de vida de los sistemas de información, la entidad: a. Definió y aplicó metodologías para el diseño, desarrollo, implementación y despliegue de los sistemas de información. b. Implementó actividades para la gestión del control de cambios sobre los sistemas de información. c. Realizó mantenimientos preventivos y correctivos sobre los sistemas de información. d. Estableció ambientes de pruebas y producción independientes, para asegurar la correcta funcionalidad de los sistemas de información. | H49: 100 | I49: El ciclo de vida de sistemas de información se refiere al conjunto de estados en los que puede estar un sistema de información desde su creación hasta su eliminación. Esto implica, la gestión y gobierno de las etapas de los sistemas de información desde la definición de requerimientos, diseño, desarrollo, pruebas, despliegue, puesta en funcionamiento, uso, mantenimiento, hasta su eliminación. Para mayor información consultar la guía G.SIS.01 Guía del dominio de Sistemas de Información del Marco de Referencia de Arquitectura Empresarial para la Gestión de TI, disponible en el siguiente enlace: http://www.mintic.gov.co/arquitecturati/630/w3-article-9262.html FORMA DE ASIGNAR EL PUNTAJE: Entidades del orden nacional y territorial: Para obtener el puntaje, divida el número de actividades realizadas por la entidad, sobre el total de actividades evaluadas (4) enunciadas en los literales a hasta d, y luego multiplique el resultado por 100. En caso de no realizar ninguna de estas actividades, obtiene 0.
G50: Con respecto a la arquitectura de los sistemas de información, la entidad: a. Elaboró el catálogo de sistemas de información b. Definió los diagramas de interacción e interoperabilidad de sus sistemas de información. c. Documentó las arquitecturas de solución de sus sistemas de información. | H50: 100 | I50: El catálogo de los sistemas de información es un inventario detallado y documentado que contiene las fichas técnicas de los sistemas de información de una institución. Para mayor información consultar la guía G.SIS.01 Guía del dominio de Sistemas de Información del Marco de Referencia de Arquitectura Empresarial para la Gestión de TI, disponible en el siguiente enlace: http://www.mintic.gov.co/arquitecturati/630/w3-article-9262.html FORMA DE ASIGNAR EL PUNTAJE: Para obtener el puntaje, divida el número de actividades realizadas por la entidad, sobre el total de actividades evaluadas (3) enunciadas en los literales (a) hasta (c), y luego multiplique el resultado por 100. En caso de no realizar ninguna de estas actividades, obtiene 0.
G51: Durante el periodo evaluado, la Entidad contó con mecanismos para asegurar la trazabilidad sobre las transacciones realizadas en los sistemas de información: a Totalmente (Políticas y Parametrización en más del 90% de Sistemas de Información) b Parcialmente (Políticas y parametrización entre el 50 y 90% de sus sistemas de información) c Incipientemente (Políticas y parametrización en menos del 50% de sus sistemas de información) | H51: 100 | I51: Se refiere a la implementación de mecanismos como políticas, parametrización de opciones de auditoría en los sistemas de información, entre otros. Que permita el registro de acciones como creación, actualización, modificación o borrado de información. Incluyendo, registro de mensajes de errores, excepciones y eventos de seguridad. Para mayor información, consultar la guía G.SIS.02 Guía Técnica de Sistemas de Información - Trazabilidad del Marco de Referencia de Arquitectura Empresarial para la Gestión de TI. http://www.mintic.gov.co/arquitecturati/630/w3-article-9263.html FORMA DE ASIGNAR EL PUNTAJE: Entidades del orden nacional y territorial: Si es totalmente (políticas y parametrización en más del 90% de los sistemas de información), obtiene 100 puntos. Si es parcialmente ( (Políticas y parametrización entre el 50 y 90% de sus sistemas de información), obtiene 50 puntos, Si es incipientemente (Políticas y parametrización en menos del 50% de sus sistemas de información), obtiene 0.
E52: Indicadores de Proceso Logro: Servicios Tecnológicos | F52: =(H52+H53+H54+H55+H56+H57)/6 -> 100 | G52: La Entidad posee una arquitectura de servicios tecnológicos (arquitectura de infraestructura tecnológica): a Documentada y no actualizada b Documentada y actualizada | H52: 100 | I52: Arquitectura de Servicios Tecnológicos, también es conocida como Arquitectura de infraestructura. Incluye todos los elementos de TI que soportan la operación de la institución, entre los que se encuentran la plataforma hardware, la plataforma de comunicaciones y el software especializado (sistema operacional, software de comunicaciones, software de integración y manejadores de bases de datos, entre otros). Para mayor información consultar la guía G.ST.01 Guía del dominio de Servicios Tecnológicos del Marco de Referencia de Arquitectura Empresarial para la Gestión de TI, disponible en el siguiente enlace: http://www.mintic.gov.co/arquitecturati/630/w3-article-9277.html FORMA DE ASIGNAR EL PUNTAJE: Entidades del orden nacional y territorial: Si la entidad posee una arquitectura de servicios tecnológicos (arquitectura de infraestructura tecnológica) documentada pero no está actualizada, obtiene un puntaje de 50. Si la tiene documentada y actualizada obtiene un puntaje de 100. Si no posee una arquitectura de servicios tecnológicos, obtiene 0.
G53: La entidad aplicó metodologías de evaluación de alternativas de solución y/o tendencias tecnológicas para la adquisición de servicios y/o soluciones de TI: a. Siempre b. Algunas veces c. Nunca | H53: 100 | I53: FORMA DE ASIGNAR EL PUNTAJE: Entidades del orden nacional y territorial: Si la entidad aplicó algunas veces metodologías de evaluación de alternativas de solución y/o tendencias tecnológicas para la adquisición de servicios y/o soluciones de TI, obtiene un puntaje de 50. Si las aplicó siempre, obtiene un puntaje de 100. Si nunca las aplicó, obtiene 0.
G54: Durante el periodo evaluado, la entidad implementó un programa de correcta disposición final de los residuos tecnológicos | H54: 100 | I54: FORMA DE ASIGNAR EL PUNTAJE Entidades del orden nacional y territorial: Si la entidad implementó un programa de correcta disposición final de los residuos tecnológicos, obtiene un puntaje de 100. Si no lo implementó, obtiene 0.
G55: Seleccione las actividades realizadas por la entidad en materia de monitoreo de la Estrategia de Gobierno en línea: a. Definición de acuerdos de nivel de servicio para los servicios tecnológicos prestados por terceros. b. Seguimiento a los acuerdos de nivel de servicio de los servicios tecnológicos prestados por terceros. c. Implementación de herramientas de gestión para el monitoreo y generación de alarmas tempranas sobre la continuidad y disponibilidad de los servicios. d. Proyección de la capacidad de los servicios tecnológicos | H55: 100 | I55: La Entidades garantizan la prestación de sus Servicios Tecnológicos utilizando diferentes mecanismos como sistemas de alimentación eléctrica, mecanismos de refrigeración, soluciones de detección de incendios, sistemas de control de acceso y sistemas de tal forma que aseguren la continuidad y disponibilidad del servicio, así como la capacidad de atención y resolución de incidentes. Para mayor información consultar la guía G.ST.01 Guía del dominio de Servicios Tecnológicos del Marco de Referencia de Arquitectura Empresarial para la Gestión de TI, disponible en el siguiente enlace: http://www.mintic.gov.co/arquitecturati/630/w3-article-9277.html FORMA DE ASIGNAR EL PUNTAJE: Entidades del orden nacional y territorial: Si la entidad definió acuerdos de nivel de servicio para los servicios tecnológicos prestados por terceros, obtiene un puntaje de 25. Si la entidad realizó la definición (opción a) y el seguimiento (opción b) a los acuerdos de nivel de servicio de los servicios tecnológicos prestados por terceros, obtiene 50. Si la entidad realizó la implementación de herramientas de gestión para el monitoreo y generación de alarmas tempranas sobre la continuidad y disponibilidad de los servicios (opción c), obtiene 25. Si la entidad realizó la definición y el seguimiento a los acuerdos de nivel de servicio de los servicios tecnológicos prestados por terceros, y adicionalmente, realizó la implementación de herramientas de gestión para el monitoreo y generación de alarmas tempranas sobre la continuidad y disponibilidad de los servicios, obtiene 100. Si la entidad realizó la proyección de la capacidad de los servicios tecnológicos, obtiene 30.
G56: Con relación a los procesos de operación y mantenimiento preventivo y correctivo de los servicios tecnológicos, la Entidad: a Implementó procesos de mantenimiento preventivo b Implementó procesos de mantenimiento correctivo c Implementó una mesa de servicios para el soporte y atención de incidentes y problemas de los servicios tecnológicos. | H56: 100 | I56: Hace referencia a los proceso de operación, monitoreo y supervisión de los Servicios Tecnológicos que deben adelantar las Entidades, con el propósito de garantizar el óptimo y permanente funcionamiento de los mismos. Para mayor información consultar la guía G.ST.01 Guía del dominio de Servicios Tecnológicos del Marco de Referencia de Arquitectura Empresarial para la Gestión de TI, disponible en el siguiente enlace: http://www.mintic.gov.co/arquitecturati/630/w3-article-9277.html FORMA DE ASIGNAR EL PUNTAJE: Entidades del orden nacional y territorial: Para obtener el puntaje, divida el número de actividades realizadas por la entidad, sobre el total de actividades evaluadas (3) enunciadas en los literales a hasta c, y luego multiplique el resultado por 100. Si no realizó ninguna de las actividades, obtiene 0.
G57: Con respecto a la gestión y control de la calidad y seguridad de los servicios tecnológicos, la entidad: a. Definió controles de calidad para los servicios tecnológicos. b. Definió controles de seguridad para los servicios tecnológicos c. Implementó controles de calidad para los servicios tecnológicos d. Implementó controles de seguridad para los servicios tecnológicos e. Definió indicadores para el seguimiento de la efectividad de los controles de calidad de los servicios tecnológicos. f. Definió indicadores para el seguimiento de la efectividad de los controles de seguridad de los servicios tecnológicos. | H57: 100 | I57: Hace referencia a la definición y gestión de los controles y mecanismos para alcanzar los niveles requeridos de seguridad y trazabilidad de los Servicios Tecnológicos. Para mayor información consultar la guía G.ST.01 Guía del dominio de Servicios Tecnológicos del Marco de Referencia de Arquitectura Empresarial para la Gestión de TI, disponible en el siguiente enlace: http://www.mintic.gov.co/arquitecturati/630/w3-article-9277.html FORMA DE ASIGNAR EL PUNTAJE: Entidades del orden nacional y territorial: Para obtener el puntaje, divida el número de actividades realizadas por la entidad, sobre el total de actividades evaluadas (6) enunciadas en los literales (a) hasta (f), y luego multiplique el resultado por 100. Si no realizó ninguna de estas actividades, obtiene 0.
E58: Indicador de Proceso Logro: Uso y Apropiación | F58: =H58 -> 100 | G58: Seleccione las actividades realizadas por la entidad en materia de monitoreo de la Estrategia de Gobierno en línea | H58: 100 | I58: Hace referencia a las gestiones realizadas por la Entidad para definir la estrategia y prácticas concretas que apoyan la adopción del Marco y la gestión TI que requiere la institución para implementar la Arquitectura TI y preparar a la institución para abordar y adaptarse al cambio, y gestionar los efectos generados por éste. Para mayor información consultar la guía G.UA.01 Guía del dominio de Uso y Apropiación del Marco de Referencia de Arquitectura Empresarial para la Gestión de TI., disponible en el siguiente enlace: http://www.mintic.gov.co/arquitecturati/630/w3-article-9281.html FORMA DE ASIGNAR EL PUNTAJE: Entidades del orden nacional y territorial: Calcule por separado 1. Para obtener el puntaje, divida el número de actividades realizadas por la entidad, sobre las actividades evaluadas (5) enunciadas en los literales a hasta e, y luego multiplique el resultado por 100. 2. Si la entidad divulgó y comunicó internamente los proyectos de TI, su puntaje es 100. De lo contrario, es 0. Luego, sume las 2 anteriores operaciones y divida en dos.
E59: Indicador de Proceso Logro: Capacidades Institucionales | F59: =(H59+H60+H61)/3 -> 100 | G59: Durante el periodo evaluado, la entidad implementó la política de reducción del uso del papel | H59: 100 | I59: FORMA DE ASIGNAR EL PUNTAJE: Entidades del orden nacional y territorial: Si la Entidad implementó la política de reducción del uso del papel, tiene un puntaje de 100. De lo contrario, obtiene 0.
G60: Durante el periodo evaluado, la Entidad incorporó soluciones tecnológicas para la gestión de documentos con base en: a El análisis de los procesos de la Entidad b La reducción del uso del papel c El programa de gestión documental de la entidad. d Criterios de seguridad, disponibilidad y conservación de los documentos. | H60: 100 | I60: FORMA DE ASIGNAR EL PUNTAJE: Entidades del orden nacional y territorial: Para obtener el puntaje, divida el número de aspectos con base en los cuales la entidad incorporó soluciones tecnológicas para la gestión de documentos, sobre el total de aspectos evaluados (4) enunciadas en los literales a hasta d, y luego multiplique el resultado por 100.
G61: Antes de la automatización de procesos y/o procedimientos, la entidad hizo una revisión de estos desde la perspectiva funcional | H61: 100 | I61: Hacer referencia al análisis funcional y desde de las perspectiva del usuario previo a la definición y especificación de las necesidades de sistematización y apoyo tecnológico a los procesos de la institución. De tal forma, que desde su diseño se incorporen facilidades tecnológicas que contribuyan a lograr transversalidad, coordinación, articulación, mayor eficiencia y oportunidad a nivel institucional y sectorial para obtener menores costos, mejores servicios, menores riesgos y mayor seguridad. FORMA DE ASIGNAR EL PUNTAJE: Entidades del orden nacional y territorial: Calcule por separado: 1. Si antes de la automatización de procesos y/o procedimientos, la entidad hizo una revisión de estos desde la perspectiva funcional, obtiene una puntuación de 100. En caso contrario, obtiene 0. 2. Si la entidad realizó automatización de procesos y procedimientos obtiene una puntuación de 100. Si realizó automatización de procesos o procedimientos obtiene 50. Si no automatizó procesos ni procedimientos, obtiene 0. Luego, sume los resultados obtenidos en las 2 operaciones anteriores y divida en 2.
G62: En el periodo evaluado la entidad realizó automatización de: a. Procesos b. Procedimientos.
E63: Indicadores de resultado TIC para la Gestión | F63: =(H63+H64+H65+H66+H67+H68)/6 -> 95.333333 | G63: Indique el porcentaje de los objetivos alcanzados respecto del total de objetivos del PETI | H63: 72 | I63: FORMA DE ASIGNAR EL PUNTAJE: Entidades del orden nacional y territorial: Para obtener el puntaje, divida el número de objetivos del PETI alcanzados, sobre el total de objetivos definidos en el PETI, y luego multiplique el resultado por 100. (No use el símbolo % en su respuesta)
G64: Indique el porcentaje de servicios de información dispuestos en la plataforma de interoperabilidad del Estado colombiano respecto del total de servicios de información a entidades externas identificadas en el catálogo de servicios de información de la entidad. | H64: 100 | I64: FORMA DE ASIGNAR EL PUNTAJE: Entidades del orden nacional y territorial: Para obtener el puntaje, divida el número de servicios de información dispuestos en la plataforma de interoperabilidad del Estado colombiano, sobre el total de servicios de información del catálogo de servicios de la entidad, y luego multiplique el resultado por 100. (No use el símbolo % en su respuesta)
G65: Indique el porcentaje de sistemas de información que cuentan con mecanismos de auditoria y trazabilidad respecto del total de sistemas de información de la entidad | H65: 100 | I65: FORMA DE ASIGNAR EL PUNTAJE: Entidades del orden nacional y territorial: Para obtener el puntaje, divida el número de sistemas de información que cuentan con mecanismos de auditoria y trazabilidad, sobre el total de sistemas de información de la entidad, y luego multiplique el resultado por 100. (No use el símbolo % en su respuesta)
G66: Indique el porcentaje de mantenimientos preventivos realizados a los servicios tecnológicos respecto del total de mantenimientos preventivos establecidos en el plan de mantenimiento de servicios tecnológicos | H66: 100 | I66: FORMA DE ASIGNAR EL PUNTAJE: Entidades del orden nacional y territorial: Para obtener el puntaje, divida el número de mantenimientos preventivos realizados a los servicios tecnológicos, sobre el total de mantenimientos preventivos establecidos en el plan de mantenimiento de servicios tecnológicos, y luego multiplique el resultado por 100. (No use el símbolo % en su respuesta)
G67: Indique el porcentaje de proyectos de TI a los cuales se aplicó una estrategia de uso y apropiación, con respecto al total de proyectos ejecutados durante el periodo evaluado. | H67: 100 | I67: FORMA DE ASIGNAR EL PUNTAJE: Entidades del orden nacional y territorial: Para obtener el puntaje, divida el número de proyectos de TI a los cuales se aplicó una estrategia de uso y apropiación, sobre el total de proyectos ejecutados durante el periodo evaIuado, y luego multiplique el resultado por 100. (No use el símbolo % en su respuesta)
G68: La entidad desarrolló durante el periodo evaluado capacidades de gestión de TI que generen mayor eficiencia en la prestación del servicio al usuario (interno o externo) | H68: 100 | I68: FORMA DE ASIGNAR EL PUNTAJE: Entidades del orden nacional y territorial: Si la entidad desarrolló durante el periodo evaluado capacidades de gestión de TI que generen mayor eficiencia en la prestación del servicio al usuario (interno o externo) obtiene un puntaje de 100. De lo contrario, obtiene 0.
C69: Seguridad y privacidad de la información | D69: =(((F69+F80+F83)/3)+F90)/2 -> 37.444444 | E69: Indicadores de Proceso Logro: Definición del marco de seguridad y privacidad de la información y de los sistemas de información | F69: =(H69+H70+H72+H73+H75+H78)/6 -> 84.666667 | G69: ¿Durante el periodo evaluado, cuál de las siguientes acciones realizó la Entidad? a. Generó un documento de diagnóstico, donde se identifica de manera clara el estado actual de la entidad en la implementación de Seguridad y Privacidad de la Información. b. Determinó el estado actual de la infraestructura tecnológica para desarrollar el plan de transición del protocolo IPv4 a IPv6. | H69: 100 | I69: La fase de diagnóstico de privacidad puede servir como insumo al poder identificar qué información se tiene, dónde y en cabeza de quién está. FORMA DE ASIGNAR EL PUNTAJE: Entidades del orden nacional y territorial: Si la entidad generó un documento de diagnóstico, donde se identifica de manera clara el estado actual de la entidad en la implementación de Seguridad y Privacidad de la Información O determinó el estado actual de la infraestructura tecnológica para desarrollar el plan de transición del protocolo IPv4 a IPv6, obtiene una puntuación de 50. Si generó un documento de diagnóstico, donde se identifica de manera clara el estado actual de la entidad en la implementación de Seguridad y Privacidad de la Información Y determinó el estado actual de la infraestructura tecnológica para desarrollar el plan de transición del protocolo IPv4 a IPv6, obtiene una puntuación de 100. Si no ha hecho ninguna de las 2 acciones, obtiene 0.
G70: En lo que respecta a la política de seguridad y privacidad de la información: a. Está establecida b. Se encuentra alineada con los objetivos estratégicos de la entidad. c. Define los objetivos y da alcance a todos los procesos de la entidad. d. No se cuenta con una política de seguridad. | H70: 100 | I70: La Política de Seguridad y Privacidad de la información está contenida en un documento de alto nivel que incluye la voluntad de la Alta Dirección de la Entidad para apoyar la implementación del Modelo de Seguridad y Privacidad de la Información. La política debe contener una declaración general por parte de la administración, donde se especifique sus objetivos, alcance, nivel de cumplimiento. La política debe ser aprobada y divulgada al interior de la entidad. Entiéndase por política la declaración de la alta Dirección de la entidad de su compromiso en la implementación de la seguridad y privacidad de la información. Manual de políticas, donde se describe los objetivos, alcances y el nivel de cumplimiento, que garanticen el adecuado uso de los Activos de información al interior de la Entidad; definiendo las responsabilidades generales y específicas para la gestión de la seguridad de la información. Entiéndase que el Manual de Políticas contiene el conjunto de lineamientos que serán implementados en la entidad y que definen la forma de implementar la seguridad y privacidad de la información en la entidad para dar cumplimiento a la declaración del compromiso de la alta Dirección de la entidad FORMA DE ASIGNAR EL PUNTAJE: Entidades del orden nacional y territorial: Calcule por separado: 1. Si la política de seguridad y privacidad de la información se encuentra alineada con los objetivos estratégicos de la entidad (opción b) Y define los objetivos y da alcance a todos los procesos (opción c), obtiene un puntaje de 100. Si la política de seguridad y privacidad de la información se encuentra alineada con los objetivos estratégicos de la entidad (opción b) O define los objetivos y da alcance a todos los procesos (opción c), obtiene un puntaje de 50. 2. Si el documento o manual con las políticas de seguridad y privacidad de la información se encontraba en construcción (opción a), la entidad obtiene un puntaje de 25. Si estaba en revisión (opción b), obtiene 50. Si estaba en aprobación (opción c), obtiene 75. Si estaba revisado, aprobado y divulgado por el comité institucional de desarrollo administrativo o el que haga sus veces (opción d), obtiene 100. Luego sume los dos resultados obtenidos de los cálculos anteriores y divida en 2.
G71: Durante el periodo evaluado, el documento o manual con las políticas de seguridad y privacidad de la información se encontraba: a En construcción b En revisión c En aprobación d Revisado, Aprobado y divulgado por el comité institucional de desarrollo administrativo o el que haga sus veces. e. No lo tiene
G72: En el periodo evaluado, la entidad cuenta con un acto administrativo a través del cual se crean o se modifican las funciones del comité institucional de desarrollo administrativo o el que haga sus veces, donde se incluyen los temas de seguridad y privacidad de la información | H72: 100 | I72: Teniendo en cuenta que los temas de seguridad y privacidad de la información se tratan en los comités del modelo integrado de gestión, se hace necesario que la entidad formalice este procedimiento. Para mayor información, consulte la Guía No. 4, llamada Roles y Responsabilidad de Seguridad de la Información establece las funciones que debe tener el Comité de Desarrollo Administrativo o quien haga sus veces en materia de seguridad de la información. FORMA DE ASIGNAR EL PUNTAJE: Entidades del orden nacional y territorial: Sí la Entidad cuenta con un acto administrativo a través del cual se crean o se modifican las funciones del comité institucional de desarrollo administrativo o el que haga sus veces, donde se incluyen los temas de seguridad y privacidad de la información, obtiene un puntaje de 100. En caso contrario, obtiene 0.
G73: En el periodo evaluado, la entidad cuenta con una metodología de gestión de activos de información donde se tienen en cuenta aspectos como: Cumplimiento legal, fechas de actualización, propietarios y criticidad de los activos. a La metodología de gestión de activos de información está en construcción b La metodología de gestión de activos de información está en revisión c La metodología de gestión de activos de información está en aprobación d La metodología de gestión de activos de información está revisada, aprobada y divulgado por comité institucional de desarrollo administrativo o el que haga sus veces. e No la tiene | H73: 100 | I73: La entidad debe desarrollar una metodología de gestión de activos que le permita generar un inventario de activos de información exacto, actualizado y consistente, que a su vez permita definir la criticidad de los activos de información, sus propietarios, custodios y usuarios. Para mayor información consulte la Guía No 5 - Gestión De Activos, disponible en el siguiente enlace: https://www.mintic.gov.co/gestionti/615/articles-5482_G5_Gestion_Clasificacion.pdf Activo de Información: En relación con la privacidad de la información, se refiere al activo que contiene información pública que el sujeto obligado genere, obtenga, adquiera, transforme o controle en su calidad de tal. FORMA DE ASIGNAR EL PUNTAJE: Entidades del orden nacional y territorial: Calcule por separado: 1. Si la entidad cuenta con una metodología de gestión de activos de información donde se tienen en cuenta aspectos como: cumplimiento legal, fechas de actualización, propietarios y criticidad de los activos, en construcción, obtiene un puntaje de 25. Si cuenta con una metodología de gestión de activos de información donde se tienen en cuenta aspectos como: cumplimiento legal, fechas de actualización, propietarios y criticidad de los activos, en revisión, obtiene 50. Si la entidad cuenta con una metodología de gestión de activos de información donde se tienen en cuenta aspectos como: cumplimiento legal, fechas de actualización, propietarios y criticidad de los activos, en aprobación, obtiene 75. Si la entidad cuenta con una metodología de gestión de activos de información donde se tienen en cuenta aspectos como: cumplimiento legal, fechas de actualización, propietarios y criticidad de los activos, revisada, aprobada y divulgado por comité institucional de desarrollo administrativo o el que haga sus veces, obtiene 100. En caso contrario, obtiene 0. 2. Si la entidad cuenta con un inventario de activos de información acorde a la metodología planteada, obtiene un puntaje de 100. Síestá en desarrollo o en proceso de elaboración de un inventario de activos de información acorde a la metodología planteada, obtiene un puntaje de 50. De lo contrario, obtiene 0. Luego, sume los resultados obtenidos en las 2 operaciones anteriores y divida en 2
G74: En el periodo evaluado, la entidad contó con un inventario de activos de información acorde a la metodología planteada a. Sí b. En Desarrollo/En proceso c. No.
G75: En el periodo evaluado, la Entidad contó con: a. Un avance del documento de la metodología para la gestión de los riesgos de seguridad y privacidad de la información. b. Una metodología formalizada para la gestión de los riesgos de seguridad y privacidad de la información. c. Un avance del plan de tratamiento del riesgo. d. El plan de tratamiento del riesgo establecido. e. La declaración de aplicabilidad en desarrollo. f. La declaración de aplicabilidad definida. g. Ninguna de las anteriores | H75: 8 | I75: La entidad debe definir una metodología de gestión del riesgo enfocada a procesos, que le permita identificar, evaluar, tratar y dar seguimiento a los riesgos de seguridad de la información a los que estén expuestos los activos, así como la declaración de aplicabilidad. Para conseguir una integración adecuada entre el MSPI y la guía de gestión del riesgo emitida por el DAFP respecto a este procedimiento, se recomienda emplear los criterios de evaluación (impacto y probabilidad) y niveles de riesgo emitidos por esta entidad. Para la elaboración del plan de tratamiento de riesgos y la declaración de aplicabilidad, puede emplearse la Guía No 8 - Controles de Seguridad, disponible en el siguiente enlace: https://www.mintic.gov.co/gestionti/615/articles-5482_G8_Controles_Seguridad.pdf FORMA DE ASIGNAR EL PUNTAJE: Entidades del orden nacional y territorial: Calcule por separado: 1. Si la entidad contó con la metodología formalizada para la gestión de los riesgos de seguridad y privacidad de la información(opción b), Y con el plan de tratamiento del riesgo establecido (opción d) Y con la declaración de aplicabilidad definida (opción f), obtiene un puntaje de 100. Si la entidad contó con la metodología formalizada para la gestión de los riesgos de seguridad y privacidad de la información (opción b), Y con un avance del plan de tratamiento del riesgo (opción c), Y con la declaración de aplicabilidad en desarrollo (opción e), obtiene 75. Si la entidad contó con 3 de las opciones de respuesta, pero con una combinación diferente a las señaladas anteriormente, obtiene 50. Si la entidad contó con 2 de las opciones de respuesta, cualquier combinación, obtiene 25. Si la entidad contó con 1 opción de respuesta, obtiene 12.5. Si no contó con ninguna opción de respuesta obtiene 0. 2. Si la entidad realizó la identificación, análisis y evaluación de los riesgos de seguridad y privacidad de la información conforme a la metodología planteada, obtiene un puntaje de 100. Si está en desarrollo o en proceso, obtiene 50. De lo contrario, obtiene 0. 3. Si el documento del plan de diagnóstico y estrategia de transición de IPv4 a IPv6, se encuentra en construcción, obtiene un puntaje de 25. Si está en revisión, obtiene 50. Si está en aprobación, obtiene 75. Si ya está revisado, aprobado y divulgado por el comité institucional de desarrollo o el que haga sus veces, obtiene 100. Luego, sume los resultados obtenidos en las 3 operaciones anteriores y divida en 3.
G76: En el periodo evaluado, la entidad realizó la identificación, análisis y evaluación de los riesgos de seguridad y privacidad de la información conforme a la metodología planteada a. Sí b. En Desarrollo/En Proceso b. No
G77: Para el periodo evaluado, el documento del plan de diagnóstico y estrategia de transición de IPv4 a IPv6, se encontraba: a En construcción b En revisión c En aprobación d Revisado, aprobado y divulgado por el comité institucional de desarrollo o el que haga sus veces. e No lo tiene
G78: La entidad formuló un plan de capacitación, sensibilización y comunicación de las políticas y buenas prácticas que mitiguen los riesgos de seguridad de la información a los que están expuestos los funcionarios | H78: 100 | I78: La Entidad debe definir un Plan de comunicación, sensibilización y capacitación que incluya la estrategia para que la seguridad de la información se convierta en cultura organizacional, al generar competencias y hábitos en todos los niveles (directivos, funcionarios, terceros) de la entidad. Para estructurar dicho plan puede utilizar la Guía No 14 – plan de comunicación, sensibilización y capacitación, disponible en el siguiente enlace: https://www.mintic.gov.co/gestionti/615/articles-5482_G14_Plan_comunicacion_sensibilizacion.pdf FORMA DE ASIGNAR EL PUNTAJE: Entidades del orden nacional y territorial: Calcule por separado: 1. Si la entidad contaba con un plan de capacitación, sensibilización y comunicación de las políticas y buenas prácticas que mitiguen los riesgos de seguridad de la información a los que están expuestos los funcionarios, obtiene un puntaje de 100. En caso contrario, obtiene 0. 2. Para obtener el puntaje, divida el número de actividades realizadas por la entidad en materia de apropiación de la Estrategia de Gobierno en línea, sobre el total de aspectos evaluados (4) enunciadas en los literales a hasta d, y luego multiplique el resultado por 100. Luego, sume los resultados obtenidos en las 2 operaciones anteriores y divida en 2
G79: Seleccione las actividades realizadas por la entidad en materia de apropiación de la Estrategia de Gobierno en línea: a. Divulgación de las políticas, buenas prácticas o directrices relacionadas con seguridad de la información a través de sitio Web o Intranet b. Divulgación de las políticas, buenas prácticas o directrices relacionadas con seguridad de la información a través de eventos especiales relacionados con seguridad. c. Divulgación de las políticas, buenas prácticas o directrices relacionadas con seguridad de la información a través de medios físicos (Volantes, carteleras etc…) d. Divulgación de las políticas, buenas prácticas o directrices relacionadas con seguridad de la información a través de medios Digitales (e-learning, correo, pantallas, etc...)
E80: Indicadores de Proceso Logro: Plan de seguridad y privacidad de la información y de los sistemas de información | F80: =(H80+H81+H82)/3 -> 40 | G80: Seleccione las fortalezas que la entidad ha mostrado frente a la implementación del Sistema de Gestión de Seguridad de la Información a. Asignación presupuesto para la implementación del SGSI. b. Asignación recurso humano altamente capacitado. c. Identificación de los controles adecuados. d. Definición de la implementación de las actividades o fases del SGSI. e. Compromiso por parte de la Dirección y Coordinadores en el apoyo activo al MSPI, mostrando su importancia para la entidad. | H80: 20 | I80: La entidad debe identificar sus fortalezas de acuerdo a las actividades realizadas para implementar los temas de seguridad y privacidad de la información incluyendo IPv6. FORMA DE ASIGNAR EL PUNTAJE: Si la entidad realizó alguna de las acciones que están entre los numerales (a) hasta (e), obtiene un puntaje de 20. Si realizó 2 de estas acciones, obtiene 40. Si realizó 3 de estas acciones obtiene 60. Si realizó 4 de estas acciones, obtiene 80. Si realizó las 5 acciones, obtiene 100. Si no realizó ninguna de las acciones, obtiene 0.
G81: Respecto al plan de tratamiento de riesgos de seguridad y privacidad de la información, indique las acciones realizadas por la entidad: a. Está construyendo el plan control operacional, en el cual se indica la metodología para implementar las medidas de seguridad definidas en el plan de tratamiento de riesgos. b. Generó y aprobó el plan control operacional, en el cual se indica la metodología para implementar las medidas de seguridad definidas en el plan de tratamiento de riesgos c. Está construyendo los informes relacionados con la implementación de los controles de seguridad y privacidad de la información d. Generó y aprobó los informes relacionados con la implementación de los controles de seguridad y privacidad de la información e. Está definiendo los indicadores de gestión y cumplimiento que permitan identificar si la implementación del MSPI es eficiente, eficaz y efectiva f. Definió y aprobó los indicadores de gestión y cumplimiento que permitan identificar si la implementación del MSPI es eficiente, eficaz y efectiva | H81: 0 | I81: La entidad debe planificar, implementar y controlar los procesos necesarios para cumplir con los requisitos de seguridad y privacidad de la información que permitan implementar las acciones determinadas en el plan de tratamiento de riesgos. FORMA DE ASIGNAR EL PUNTAJE: Entidades del orden nacional y territorial: Si la entidad generó y aprobó el plan control operacional, en el cual se indica la metodología para implementar las medidas de seguridad definidas en el plan de tratamiento de riesgos (opción b), generó y aprobó los informes relacionados con la implementación de los controles de seguridad y privacidad de la información (opción d) y definió y aprobó los indicadores de gestión y cumplimiento que permitan identificar si la implementación del MSPI es eficiente, eficaz y efectiva (opción f), obtiene 100. Si la entidad generó y aprobó el plan control operacional, en el cual se indica la metodología para implementar las medidas de seguridad definidas en el plan de tratamiento de riesgos (opción b), está construyendo los informes relacionados con la implementación de los controles de seguridad y privacidad de la información (opción c), y está definiendo los indicadores de gestión y cumplimiento que permitan identificar si la implementación del MSPI es eficiente, eficaz y efectiva (opción e), obtiene 75. Si la entidad realizó 3 acciones en combinaciones distintas a las anteriores, obtiene 50. Si la entidad realizó 2 acciones en combinaciones, obtiene 25. Si la entidad realizó 1 acción, obtiene 12,5. Si no hizo ninguna acción, obtiene 0
G82: Seleccione las actividades realizadas por la entidad en materia de apropiación de la Estrategia de Gobierno en línea: a. Formulación del plan de comunicación, sensibilización y capacitación en lo referente a seguridad y privacidad de la información b. Ejecución del plan de comunicación, sensibilización y capacitación en lo referente a seguridad y privacidad de la información, sin tener en cuenta la caracterización de grupos focales (Usuarios, Directivos, Técnicos y Terceros). c. Ejecución del plan de comunicación, sensibilización y capacitación en lo referente a seguridad y privacidad de la información, con base en la caracterización de grupos focales (Usuarios, Directivos, Técnicos y Terceros). | H82: 100 | I82: La Entidad debe definir un Plan de comunicación, sensibilización y capacitación que incluya la estrategia para que la seguridad de la información se convierta en cultura organizacional, al generar competencias y hábitos en todos los niveles (directivos, funcionarios, terceros) de la entidad. Para estructurar dicho plan puede utilizar la Guía No 14 – plan de comunicación, sensibilización y capacitación, disponible en el siguiente enlace:: https://www.mintic.gov.co/gestionti/615/articles-5482_G14_Plan_comunicacion_sensibilizacion.pdf FORMA DE ASIGNAR EL PUNTAJE: Entidades del orden nacional y territorial: Si la Entidad realizó la Formulación del plan de comunicación, sensibilización y capacitación en lo referente a seguridad y privacidad de la información (opción a), obtiene 25. Si la entidad realizó la Formulación y la ejecución del plan de comunicación, sensibilización y capacitación en lo referente a seguridad y privacidad de la información, sin tener en cuenta la caracterización de grupos focales (Usuarios, Directivos, Técnicos y Terceros) (opciones a y b), obtiene 50. Si la entidad realizó la Formulación y la ejecución del plan de comunicación, sensibilización y capacitación en lo referente a seguridad y privacidad de la información con base en la caracterización de grupos focales (Usuarios, Directivos, Técnicos y Terceros) (opciones a y c), obtiene 100. Si la entidad no tiene el plan de comunicación, sensibilización y capacitación en lo referente a seguridad y privacidad de la información, obtiene 0.
E83: Indicadores de Proceso Logro: Monitoreo y mejoramiento continuo | F83: =(H83+H87)/2 -> 0 | G83: Seleccione las actividades realizadas por la entidad en materia de monitoreo de la Estrategia de Gobierno en línea: a. Revisión periódica de los compromisos establecidos para ejecutar el plan de tratamiento de riesgos a la seguridad de la información b. Seguimiento a la efectividad de los controles a los riesgos a la seguridad de la información c. Determinación de la eficacia en la gestión de incidentes de seguridad de la información en la entidad. d. Formulación del plan de seguimiento, evaluación y análisis de resultados del MSPI, teniendo en cuenta los indicadores de gestión y cumplimiento. e. Formulación de los planes de auditoria para la revisión y verificación de la gestión de la seguridad y privacidad de la información al interior de la entidad. f. Seguimiento y control a la implementación del MSPI, por parte del comité institucional de desarrollo administrativo o el que haga sus veces | H83: 0 | I83: El proceso de seguimiento y monitoreo del MSPI se hace con base a los resultados que arrojan los indicadores de la seguridad de la información propuestos para verificación de la efectividad, la eficiencia y la eficacia de las acciones implementadas. Guía No 16 – Evaluación del desempeño: http://www.mintic.gov.co/gestionti/615/articles-5482_G16_evaluaciondesempeno.pdf Guía No 15 – Guía de Auditoría: https://www.mintic.gov.co/gestionti/615/articles-5482_G15_Auditoria.pdf FORMA DE ASIGNAR EL PUNTAJE: Entidades del orden nacional y territorial: Calcule de forma separada: 1. Si se revisaron periódicamente los compromisos establecidos para ejecutar el plan de tratamiento de riesgos (opción a) obtiene un puntaje de 100 2. Si la entidad realizó seguimiento a la medición de efectividad de los controles (opción b), O determinó la eficacia en la gestión de incidentes de seguridad de la información en la entidad (opción c) obtiene un puntaje de 100 3. Si la entidad formuló el plan de seguimiento, evaluación y análisis de resultados del MSPI, teniendo en cuenta los indicadores de gestión y cumplimiento (opción d) O si la entidad formuló los planes de auditoria para la revisión y verificación e la gestión de la seguridad y privacidad de la información al interior de la entidad. (opción e) obtiene un puntaje de 100 4. Si la entidad realizó seguimiento y control a la implementación del MSPI, por parte del comité institucional de desarrollo administrativo o el que haga sus veces (opción f) obtiene un puntaje de 100 Luego, sume los resultados obtenidos en las 4 operaciones anteriores y divida en 4. Si la entidad no realiza ninguna de estas actividades, obtiene 0.
G87: Respecto a la implementación de acciones de mejora continua que garanticen el cumplimiento del plan de seguridad y privacidad de la Información, la entidad: a. Determina las posibles acciones correctivas derivadas de los hallazgos o debilidades identificadas en la evaluación del desempeño de la seguridad y privacidad de la información al interior de la entidad b. Implementa las acciones correctivas y los planes de mejora de la seguridad y privacidad de la información al interior de la entidad. c. Determina si las acciones correctivas aplicadas son las adecuadas para gestionar los hallazgos y debilidades identificadas en seguridad y privacidad de la información al interior de la entidad. | H87: 0 | I87: En esta fase la Entidad debe consolidar los resultados obtenidos de la fase de evaluación de desempeño, para diseñar el plan de mejoramiento continuo de seguridad y privacidad de la información, tomando las acciones oportunas para mitigar las debilidades identificadas. Los instrumentos que deben consultar las entidades para esta etapa son: Resultados de la ejecución del Plan de Revisión y Seguimiento, a la Implementación del MSPI. Resultados del plan de ejecución de auditorías y revisiones independientes al MSPI. Para mayor información, consulte la Guía No 17 – Mejora Continua, disponible en el siguiente enlace: https://www.mintic.gov.co/gestionti/615/articles-5482_G17_Mejora_continua.pdf FORMA DE ASIGNAR EL PUNTAJE: Entidades del orden nacional y territorial: Calcule de forma separada: 1. Si la entidad determinó las posibles acciones correctivas derivadas de los hallazgos o debilidades identificadas en la evaluación del desempeño de la seguridad y privacidad de la información al interior de la entidad, obtiene 100. En caso contrario, obtiene 0. 2. Si la entidad implementó las acciones correctivas y los planes de mejora de la seguridad y privacidad de la información al interior de la entidad, obtiene un puntaje de 100. En caso contrario, obtiene 0. 3. Si la entidad determinó si las acciones correctivas aplicadas son las adecuadas para gestionar los hallazgos y debilidades identificadas en seguridad y privacidad de la información al interior de la entidad, obtiene un puntaje de 100. De lo contrario, obtiene 0. Luego, sume los resultados de las 3 operaciones realizadas anteriormente y divida en 3,
E90: Indicadores de resultado Seguridad y Privacidad de la Información | F90: =(H90+H91+H92)/3 -> 33.333333 | G90: La entidad contó con un proceso de identificación de infraestructura crítica, lo aplicó y comunicó los resultados a las partes interesadas | H90: 100 | I90: Esta pregunta se puede responder con base a la valoración de activos que está haciendo en la entidad puesto que hasta este año se oficializa el catálogo de infraestructuras críticas y se inicia con su identificación oficial. Es una pregunta informativa sobre identificación y clasificación de activos. FORMA DE ASIGNAR EL PUNTAJE: Entidades del orden nacional y territorial Si la entidad a entidad contó con un proceso de identificación de infraestructura crítica, lo aplicó y comunicó los resultados a las partes interesadas, obtiene un puntaje de 100. De lo contrario obtiene 0.
G91: Indique si el tiempo en promedio que demoró la entidad en corregir sus vulnerabilidades luego de ser reportadas por el COLCERT tardó: a. Minutos b. Horas c. Días d. Semanas e. La entidad no ha recibido reporte de COLCERT | H91: 0 | I91: Se hace necesario que las entidades y el Colcert tengan un mayor relacionamiento, así que debemos empezar a medir la efectividad de la comunicación y así poder tener acciones de mejora al respecto. FORMA DE ASIGNAR EL PUNTAJE: Entidades del orden nacional y territorial: Si demoró minutos, obtiene un puntaje de 100. Si demoró horas, obtiene 75. Si demoró días, obtiene 50. Si demoró semanas, obtiene 25. (Si la Entidad no ha recibido reporte de COLCERT esta actividad no aplica. En consecuencia, no deberá tenerse en cuenta para el cálculo de los indicadores de resultado de Seguridad y Privacidad de la Información)
G92: La entidad intercambió información de incidentes de seguridad con la entidad cabeza de sector o de ser necesario con el Colcert. | H92: 0 | I92: Es necesario que las entidades midan y gestionen sus incidentes de seguridad y privacidad de la información, de la misma forma es necesario hacer una medición continua de los mismos para tener una base consolidada. FORMA DE ASIGNAR EL PUNTAJE: Entidades del orden nacional y territorial: Si la entidad intercambió información de incidentes de seguridad con la entidad cabeza de sector o de ser necesario con el Colcert, obtiene 100. De lo contrario, obtiene 0. (Si la Entidad no ha identificado incidentes, esta actividad no aplica. En consecuencia, no deberá tenerse en cuenta para el cálculo de los indicadores de resultado de Seguridad y Privacidad de la Información)

Sheet Gráficas
C3: RESULTADOS POLÍTICA GOBIERNO DIGITAL
C6: 1. Calificación total:
J11: Niveles | K11: Calificación
I12: =+Inicio!C5 -> POLÍTICA GOBIERNO DIGITAL (ANTES GOBIERNO EN LÍNEA) | J12: 100 | K12: =+Autodiagnóstico!G6 -> 61.899802
C28: 2. Calificación por componentes:
J33: Variable | K33: Rangos | L33: Puntaje actual
J34: =+Autodiagnóstico!C10 -> TIC para Gobierno Abierto | K34: 100 | L34: =+Autodiagnóstico!D10 -> 90.166667
J35: =+Autodiagnóstico!C22 -> TIC para Servicios | K35: 100 | L35: =+Autodiagnóstico!D22 -> 25
J36: =+Autodiagnóstico!C33 -> TIC para la gestión | K36: 100 | L36: =+Autodiagnóstico!D33 -> 94.988095
J37: =+Autodiagnóstico!C69 -> Seguridad y privacidad de la información | K37: 100 | L37: =+Autodiagnóstico!D69 -> 37.444444
C51: 3. Calificación por categorías:
K53: Categorías del componente 1:
K54: =+Autodiagnóstico!C10 -> TIC para Gobierno Abierto | L54: =+Autodiagnóstico!C10 -> TIC para Gobierno Abierto
I56: Categorías | J56: Niveles | K56: Calificación
I57: =+Autodiagnóstico!E10 -> Indicadores de Proceso Logro: Transparencia | J57: 100 | K57: =+Autodiagnóstico!F10 -> 98
I58: =+Autodiagnóstico!E16 -> Indicadores de Proceso Logro: Colaboración | J58: 100 | K58: =+Autodiagnóstico!F16 -> 100
I59: =+Autodiagnóstico!E17 -> Indicadores de Proceso Logro: Participación | J59: 100 | K59: =+Autodiagnóstico!F17 -> 43
I60: =+Autodiagnóstico!E18 -> Indicadores de resultado Componente TIC para Gobierno abierto | J60: 100 | K60: =+Autodiagnóstico!F18 -> 100
K76: Categorías del componente 2:
K77: =+Autodiagnóstico!C22 -> TIC para Servicios | L77: =+Autodiagnóstico!C33 -> TIC para la gestión
K80: Categorías | L80: Niveles | M80: Calificacion
K81: =+Autodiagnóstico!E22 -> Indicadores de Proceso Logro: Servicios centrados en el usuario | L81: 100 | M81: =+Autodiagnóstico!F22 -> 50
K82: =+Autodiagnóstico!E26 -> Indicadores de Proceso Logro: Sistema integrado de PQRD | L82: 100 | M82: =+Autodiagnóstico!F26 -> 100
K83: =+Autodiagnóstico!E29 -> Indicadores de Proceso Logro: Trámites y servicios en línea | L83: 100 | M83: =+Autodiagnóstico!F29 -> 0
K84: =+Autodiagnóstico!E31 -> Indicadores de Resultado TIC para Servicios | L84: 100 | M84: =+Autodiagnóstico!F31 -> 0
K102: Categorías del componente 3:
K103: =+Autodiagnóstico!C33 -> TIC para la gestión | L103: =+Autodiagnóstico!C59 -> 0
K106: categorías | L106: Nivel | M106: Calificación
K107: =+Autodiagnóstico!E33 -> Indicadores de Proceso Logro: Estrategia de TI | L107: 100 | M107: =+Autodiagnóstico!F33 -> 100
K108: =+Autodiagnóstico!E38 -> Indicadores de Proceso Logro: Gobierno de TI | L108: 100 | M108: =+Autodiagnóstico!F38 -> 75
K109: =+Autodiagnóstico!E42 -> Indicadores de Proceso Logro: Información | L109: 100 | M109: =+Autodiagnóstico!F42 -> 100
K110: =+Autodiagnóstico!E46 -> Indicadores de Proceso Logro: Sistemas de Información | L110: 100 | M110: =+Autodiagnóstico!F46 -> 87.5
K111: =+Autodiagnóstico!E52 -> Indicadores de Proceso Logro: Servicios Tecnológicos | L111: 100 | M111: =+Autodiagnóstico!F52 -> 100
K112: =+Autodiagnóstico!E58 -> Indicador de Proceso Logro: Uso y Apropiación | L112: 100 | M112: =+Autodiagnóstico!F58 -> 100
K113: =+Autodiagnóstico!E59 -> Indicador de Proceso Logro: Capacidades Institucionales | L113: 100 | M113: =+Autodiagnóstico!F59 -> 100
K114: =+Autodiagnóstico!E63 -> Indicadores de resultado TIC para la Gestión | L114: 100 | M114: =+Autodiagnóstico!F63 -> 95.333333
K129: Categorías del componente 4:
K130: =+Autodiagnóstico!C69 -> Seguridad y privacidad de la información | L130: =+Autodiagnóstico!C86 -> 0
K133: Categorias | L133: Nivel | M133: Calificación
K134: =+Autodiagnóstico!E69 -> Indicadores de Proceso Logro: Definición del marco de seguridad y privacidad de la información y de los sistemas de información | L134: 100 | M134: =+Autodiagnóstico!F69 -> 84.666667
K135: =+Autodiagnóstico!E80 -> Indicadores de Proceso Logro: Plan de seguridad y privacidad de la información y de los sistemas de información | L135: 100 | M135: =+Autodiagnóstico!F80 -> 40
K136: =+Autodiagnóstico!E83 -> Indicadores de Proceso Logro: Monitoreo y mejoramiento continuo | L136: 100 | M136: =+Autodiagnóstico!F83 -> 0
K137: =+Autodiagnóstico!E90 -> Indicadores de resultado Seguridad y Privacidad de la Información | L137: 100 | M137: =+Autodiagnóstico!F90 -> 33.333333
K161: INICIO

Sheet Seguimiento Política
C3: PLAN DE IMPLEMENTACIÓN GOBIERNO DIGITAL
C5: COMPONENTES | D5: CATEGORÍAS | E5: ACTIVIDADES DE GESTIÓN | F5: PUNTAJE | G5: GUÍAS Y NORMAS TÉCNICAS | H5: BUENAS PRÁCTICAS E INNOVACIÓN | I5: MARCO JURÍDICO | J5: OTRO | K5: DISEÑE ALTERNATIVAS DE MEJORA | L5: MEJORAS A IMPLEMENTAR (INCLUIR PLAZO DE LA IMPLEMENTACIÓN) | M5: EVALUACIÓN DE LA EFICACIA DE LAS ACCIONES IMPLEMENTADAS | P5: SOPORTES | R5: OBSERVACIONES CONTROL INTERNO
C7: TIC para Gobierno Abierto | D7: Indicadores de Proceso Logro: Transparencia | E7: =+Autodiagnóstico!G10 -> Durante el periodo evaluado, la entidad publicó su sitio web oficial, en la sección "transparencia y acceso a la información pública" la siguiente información: a. Mecanismos para interponer PQRSD b. Localización física, sucursales o regionales, horarios y días de atención al público c. Funciones y deberes de la entidad d. Organigrama de la entidad e. Directorio de información de servidores públicos, empleados y contratistas o enlace al SIGEP f. Normatividad general y reglamentaria g. Presupuesto vigente asignado h. Ejecución presupuestal histórica anual i. Plan Estratégico Institucional y Plan de Acción anual j. Políticas y lineamientos o manuales G1 k. Planes estratégicos, sectoriales e institucionales según sea el caso l. Plan anticorrupción y de atención al ciudadano m. Plan de gasto público n. Proyectos de inversión en ejecución o. Mecanismos para la participación en la formulación de políticas p. Informes de gestión, evaluación y auditoría q. Entes de control que vigilan la entidad r. Planes de Mejoramiento (de organismos de control, internos y derivados de ejercicios de rendición de cuentas) s. Publicación de la información contractual (o enlace SECOP) t. Plan Anual de Adquisiciones (PAA) u. Oferta de la entidad (Programas, servicios, trámites y otros procedimientos administrativos inscritos en el SUIT) v. Registro de Activos de Información w. Índice de Información Clasificada y Reservada x. Esquema de Publicación de Información y. Programa de Gestión Documental z. Tablas de Retención Documental aa. Políticas de seguridad de la información del sitio web y protección de datos personales ab. Respuestas de la entidad a las solicitudes de información ac. Directorio de agremiaciones, asociaciones, entidades del sector, grupos étnicos y otros grupos de interés ad. Calendario de actividades ae. Informes de Rendición de Cuentas af. Ofertas de empleo ag. Informes de empalme ah. Preguntas y respuestas frecuentes | F7: 92 | I7: Anexo 1 - Resolución 3564 de 2015 - Reglamenta aspectos relacionados con la Ley de Transparencia y Acceso a la Información Pública: http://estrategia.gobiernoenlinea.gov.co/623/articles-8240_esquema_ley1712.pdf Decreto Reglamentario Único 1081 de 2015 - Reglamento sobre la gestión de la información pública: http://www.alcaldiabogota.gov.co/sisjur/normas/Norma1.jsp?i=60556 Título 9 - Decreto 1078 de 2015 - Decreto Único Reglamentario del Sector de Tecnologías de la Información y las Comunicaciones: http://www.mintic.gov.co/portal/604/articles-9528_documento.pdf Ley 1712 de 2014 - Ley de Transparencia y acceso a la información pública: http://www.mintic.gov.co/portal/604/articles-7147_documento.pdf Ley 57 de 1985 -Publicidad de los actos y documentos oficiales: http://www.secretariasenado.gov.co/senado/basedoc/ley_1712_2014.html Ley 594 de 2000 - Ley General de Archivos: http://www.alcaldiabogota.gov.co/sisjur/normas/Norma1.jsp?i=4275 | J7: Manual de Gobierno en línea: http://estrategia.gobiernoenlinea.gov.co/623/w3-propertyvalue-8013.html | K7: Subdirección Sistemas de Información deTierras | L7: De acuerdo con el INFORME FINAL – ACOMPAÑAMIENTO A LA IMPLEMENTACIÓN DE LA LEY 1712 DE 2014 Y SU DECRETO REGLAMENTARIO. Resultados y Recomendaciones a la Agencia Nacional de Tierras. la Secretaria de Transparencia de la Presidencia reporto un cumplimiento del 92% | P7: Si | R7: Se observó el documento "INFORME FINAL – ACOMPAÑAMIENTO A LA IMPLEMENTACIÓN DE LA LEY 1712 DE 2014 Y SU DECRETO REGLAMENTARIO" , el cual concluye que con corte a Julio de 2018, se obtuvo los siguientes resultados:  Total de requerimiento que Cumple en un 89%, es decir de las 158 preguntas 141 son afirmativas.  Total de requerimiento que No Cumple en un 3%, esto es de las 158 preguntas 13 de ellas son incumplidas.  Total de requerimiento que No Aplican en un 8%, es decir de las 158 preguntas 4 de éstas no aplican a la Entidad
E8: =+Autodiagnóstico!G11 -> Señale los criterios de accesibilidad que cumplió la Entidad en su sitio Web, en el periodo evaluado: a. Contenido no textual b. Información y relaciones c. Sugerencia significativa d. Características sensoriales e. Uso del color f. Teclado g. Sin trampas para el foco del teclado h. Tiempo ajustable i. Poner en pausa, detener, ocultar j. Evitar bloques k. Titulado de páginas l. Orden del foco m. Propósito de los enlaces (en contexto) n. Idioma de la página o. Al recibir el foco p. Al recibir entradas q. Identificación de errores r. Etiquetas o instrucciones s. Procesamiento t. Nombre, función, valor u. Ninguno de los anteriores | F8: =+Autodiagnóstico!H11 -> 100 | G8: Norma Técnica Colombiana NTC 5854 Guía Interactiva de la Norma Técnica de Accesibilidad 5854 http://ntc5854.accesibilidadweb.co/ | I8: Título 9 - Decreto 1078 de 2015 - Decreto Único Reglamentario del Sector de Tecnologías de la Información y las Comunicaciones: http://www.mintic.gov.co/portal/604/articles-9528_documento.pdf | J8: Manual de Gobierno en línea: http://estrategia.gobiernoenlinea.gov.co/623/w3-propertyvalue-8013.html | K8: Subdirección Sistemas de Información deTierras | L8: La página de la Agencia Nacional de Tierras cumple con los requisitos de accesibilidad nivel A de la NTC 5854, los cuales se pueden verificar al ingresar a esta (http://www.agenciadetierras.gov.co) y en el excel dispuesto en la carpeta compartida de la Oficina de Planeación. | P8: Si | R8: Se observó la matriz de requisitos de la NTC5854 (2017Accesibilidad - WEB Nivel A), la cual denota un cumplimiento del 100%. En cuanto a la matriz de requisitos de la NTC5854 (2017Accesibilidad - WEB Nivel AA) esta refleja un porcentaje de cumplimiento del 71%.
E9: =+Autodiagnóstico!G12 -> Señale las directrices de usabilidad que cumplió la Entidad en su sitio Web en el periodo evaluado: a. El sitio web permite conocer la ruta recorrida por el usuario en la navegación del sitio (Ruta de migas) b. Las URL generadas en los diferentes niveles de navegación no tienen variables o caracteres especiales y son fáciles de leer (URL limpios) c. El diseño gráfico del sitio web se conserva en todos los sitios de navegación (Navegación global consistente) d. El logo de la entidad ubicado en el encabezado, direcciona al inicio del sitio web (Vínculo a página de inicio) e. El sitio web de la entidad permite el ingreso a través de diferentes navegadores como Google Chrome, Internet Explorar, Mozilla, entre otros (Independencia de navegador) f. Los enlaces del sitio web indican claramente el contenido al cual conducen. No tienen textos como "ver más", "clic aquí", entre otros. (Enlaces bien formulados). g. El sitio no cuenta con ventanas emergentes en ningún nivel de navegación h. El sitio web hace un uso adecuado de títulos y encabezados con sus correspondientes etiquetas HTML, por ejemplo <h1>, <h2> ... l. El sitio web no tiene vínculos rotos m. Todos los contenidos del sitio web están alineados a la izquierda (Justificación del texto) n. El cuerpo de texto no supera los 100 caracteres por línea (Ancho del cuerpo de texto) o. En ningún contenido del sitio web existen textos subrayados para destacar, excepto si son enlaces a otros contenidos (Texto subrayado) p. El sitio web no permite desplazamiento de izquierda a derecha para consultar contenidos. q. El sitio web cuenta con diferentes hojas de estilo para su correcta navegación (pantalla, móvil, impresión). En caso que el sitio web sea responsivo sólo requiere formato de impresión. r. El sitio web le indica al usuario cuando ha visitado contenidos de la página (Vínculos visitados) s. Los formularios del sitio web tienen correctamente señalizados los campos obligatorios t. Es clara la correspondencia entre el título del campo en los formularios y el espacio dispuesto para el ingreso de la información u. Ejemplos en los campos de formulario v. Ninguno de los anteriores | F9: 100 | G9: Guía de Usabilidad: http://estrategia.gobiernoenlinea.gov.co/623/articles-8237_guia_usabilidad.pdf | I9: Título 9 - Decreto 1078 de 2015 - Decreto Único Reglamentario del Sector de Tecnologías de la Información y las Comunicaciones: http://www.mintic.gov.co/portal/604/articles-9528_documento.pdf | J9: Manual de Gobierno en línea: http://estrategia.gobiernoenlinea.gov.co/623/w3-propertyvalue-8013.html | K9: Subdirección Sistemas de Información deTierras | L9: La página de la Agencia Nacional de Tierras cumple con los requisitos de Usabilidad exigidos por el MINTIC, los cuales se pueden verificar al ingresar a esta (http://www.agenciadetierras.gov.co) y en el excel dispuesto en la carpeta compartida de la Oficina de Planeación. | P9: Si | R9: Se observó la matriz de requisitos de la NTC5854 (2017Accesibilidad - WEB Nivel A), la cual denota un cumplimiento del 100%. En cuanto a la matriz de requisitos de la NTC5854 (2017Accesibilidad - WEB Nivel AA) esta refleja un porcentaje de cumplimiento del 71%.
E10: =+Autodiagnóstico!G13 -> Indique el porcentaje de ejercicios de rendición de cuentas realizados por la entidad soportados en medios electrónicos respecto al total de ejercicios de rendición de cuentas realizados por la entidad durante el periodo evaluado | F10: =+Autodiagnóstico!H13 -> 100 | G10: Lineamientos para la rendición de cuentas por medios electrónicos: http://estrategia.gobiernoenlinea.gov.co/623/articles-8248_lineamientos_rendicion.pdf | I10: Título 9 - Decreto 1078 de 2015 - Decreto Único Reglamentario del Sector de Tecnologías de la Información y las Comunicaciones: http://www.mintic.gov.co/portal/604/articles-9528_documento.pdf | J10: Manual de Gobierno en línea: http://estrategia.gobiernoenlinea.gov.co/623/w3-propertyvalue-8013.html | K10: Responsable Oficina de Planeacion | L10: Se han realizado 2 rendiciones de cuentas , la información se encuentra publicada en: http://www.agenciadetierras.gov.co/servicio-al-ciudadano/participacion-ciudadana/rendicion-de-cuentas/ | P10: Si | R10: Se observó la disponibilidad del documento "Informe Rendición de Cuentas" de la vigencia 2017, éste se encuentra disponible en la página web de la Agencia, en el enlace http://www.agenciadetierras.gov.co/wp-content/uploads/2018/04/Informe-de-Rendicion-de-Cuentas-de-la-Vigencia-2017-ANT-2018.pdf . El documento en mención contiene el cumplimiento de las actividades definidas en el cronograma, los resultados de la encuesta de participación ciudadana, informe de audiencia publica, resultados encuesta de evaluación, cumplimiento general de la estrategia y conclusiones.
E11: =+Autodiagnóstico!G14 -> Indique el porcentaje de datos abiertos actualizados y difundidos respecto del total de datos estratégicos identificados en el periodo evaluado | F11: =+Autodiagnóstico!H14 -> 100 | G11: Guía de datos abiertos en Colombia: http://estrategia.gobiernoenlinea.gov.co/623/articles-8248_Guia_Apertura_Datos.pdf | I11: Título 9 - Decreto 1078 de 2015 - Decreto Único Reglamentario del Sector de Tecnologías de la Información y las Comunicaciones: http://www.mintic.gov.co/portal/604/articles-9528_documento.pdf | J11: Manual de Gobierno en línea: http://estrategia.gobiernoenlinea.gov.co/623/w3-propertyvalue-8013.html | K11: Subdirección Sistemas de Información deTierras | L11: Se han publicado 3 componentes de datos abiertos: Zonas de Reserva Campesina, Resguardos Indígenas y Consejos Comunitarios. http://data-agenciadetierras.opendata.arcgis.com/ https://www.datos.gov.co/Agricultura-y-Desarrollo-Rural/Resguardos-Ind-genas/2wvk-ve5b | P11: Si | R11: La Subdirección de Sistemas de Información de Tierras actualizó el portal de datos abiertos implementando el mecanismo de carga automática al portal de datos www.datos.gov.co (ETL, Herramienta de extracción, transformación y carga). Para los 3 sets de datos abiertos que tenemos: Zonas de Reserva Campesina, Resguardos Indígenas y Consejos Comunitarios. Se aportó como evidencia el documento que contiene las acciones realizadas para la implementación de la carga automática al portal de datos. Ver: https://agenciadetierras my.sharepoint.com/:b:/g/personal/erika_ladino_agenciadetierras_gov_co/EdjvELmlWkxIkl1CrJ5VpCkB0wECxzq3YiiRBgQY1qGhSQ?e=wMf4T El pasado 21/08/2018 fue remitido por la Oficina del Inspector de la Gestión de Tierras bajo memorando número 20181040131533, el informe final – acompañamiento a la implementación de la ley 1712 de 2014 y su decreto reglamentario, realizado por la Secretaría de Transparencia, el cual concluye lo siguiente: "A Julio de 2018 Finalmente, se obtuvo como resultado: Total de requerimiento que Cumple en un 89%, es decir de las 158 preguntas 141 son afirmativas. Total de requerimiento que No Cumple en un 3%, esto es de las 158 preguntas 13 de ellas son incumplidas. Total de requerimiento que No Aplican en un 8%, es decir de las 158 preguntas 4 de éstas no aplican a la Entidad"
E12: =+Autodiagnóstico!G15 -> ¿La entidad realizó durante el periodo evaluado seguimiento al uso de datos abiertos publicados? | F12: 100 | I12: Título 9 - Decreto 1078 de 2015 - Decreto Único Reglamentario del Sector de Tecnologías de la Información y las Comunicaciones: http://www.mintic.gov.co/portal/604/articles-9528_documento.pdf | J12: Manual de Gobierno en línea: http://estrategia.gobiernoenlinea.gov.co/623/w3-propertyvalue-8013.html | K12: Realizar seguimiento al número de visitas y descargas de datos abiertos publicados. | L12: Se realizó el seguimiento a las visitas dentro del portal de datos abiertos de la ANT, en el portal del MINTIC | P12: Si | R12: Se observaron pantallazos de la actualización de datos abiertos realizadas en el mes de julio.
D13: Indicadores de Proceso Logro: Colaboración | E13: =+Autodiagnóstico!G16 -> La entidad adelantó durante el periodo evaluado acciones, iniciativas o ejercicios de colaboración con terceros usando medios electrónicos para solucionar un problema de la Entidad | F13: =+Autodiagnóstico!H16 -> 100 | G13: Guia de innovación: http://estrategia.gobiernoenlinea.gov.co/623/articles-8250_Guiainnovacion.pdf | I13: Título 9 - Decreto 1078 de 2015 - Decreto Único Reglamentario del Sector de Tecnologías de la Información y las Comunicaciones: http://www.mintic.gov.co/portal/604/articles-9528_documento.pdf | J13: Manual de Gobierno en línea: http://estrategia.gobiernoenlinea.gov.co/623/w3-propertyvalue-8013.html | L13: Actualmente se cuenta en funcionamiento del nodo de tierras, el cual integrado por otras entidades las cuales consume el servicio. | P13: Si | R13: Se observó notificación de Intercambio de Información el servicio WS Consulta Titulación de Baldíos y Consulta de Subsidio Integral y Directo de Reforma Agraria - SIDRA, bajo los lineamientos de la estrategia de Gobierno en línea, el Marco de referencia de Arquitectura TI Colombia y el Marco de Interoperabilidad de la Dirección de Estándares y Arquitectura de TI.
D14: Indicadores de Proceso Logro: Participación | E14: =+Autodiagnóstico!G17 -> De las actividades formuladas en la estrategia de participación ciudadana, señale cuáles se realizaron por medios electrónicos: a. Rendición de cuentas b. Elaboración de normatividad c. Formulación de la planeación d. Formulación de políticas, programas y proyectos e. Ejecución de programas, proyectos y servicios f. Ejercicios de innovación abierta para la solución de problemas relacionados con sus funciones g. Promoción del control social y veedurías ciudadanas e. Ninguno de los anteriores | F14: =+Autodiagnóstico!H17 -> 43 | G14: Guía desarrollo ejercicios de participación: http://estrategia.gobiernoenlinea.gov.co/623/articles-8249_anexo_ejercicios.pdf Gobierno en redes: http://estrategia.gobiernoenlinea.gov.co/623/articles-8248_recurso_3.pdf; Protocolo de Interacción en redes sociales: http://estrategia.gobiernoenlinea.gov.co/623/articles-8248_recurso_4.pdf Protocolo Google & Hangouts: http://estrategia.gobiernoenlinea.gov.co/623/articles-8248_recurso_5.pdf | I14: Título 9 - Decreto 1078 de 2015 - Decreto Único Reglamentario del Sector de Tecnologías de la Información y las Comunicaciones: http://www.mintic.gov.co/portal/604/articles-9528_documento.pdf Ley Estatutaria 1757 de 2015 - Promoción y protección del derecho a la participación democrática: http://wp.presidencia.gov.co/sitios/normativa/leyes/Documents/LEY%201757%20DEL%2006%20DE%20JULIO%20DE%202015.pdf | J14: Manual de Gobierno en línea: http://estrategia.gobiernoenlinea.gov.co/623/w3-propertyvalue-8013.html | K14: Oficina de Planeación | L14: Las actividades realizadas por medios electrónicos: A) Rendición de Cuentas: Se realizó la encuesta previa a la audiencia por medio de la Página Web. Se creo un micrositio con toda la información que podía consultar la ciudadanía. http://www.agenciadetierras.gov.co/servicio-al-ciudadano/participacion-ciudadana/rendicion-de-cuentas/ Diferentes espacios de interacción con los ciudadanos, que generan interlocución, y participación ciudadana. | P14: Si | R14: Se observó información publicada en el enlace http://www.agenciadetierras.gov.co/servicio-al-ciudadano/participacion-ciudadana/rendicion-de-cuentas/ correspondiente a los ejercicios de participación realizados. Sin embargo, se sugiere definir la alternativa de mejora y plazo para la implementación.
D15: Indicadores de resultado Componente TIC para Gobierno abierto | E15: =+Autodiagnóstico!G18 -> Indique el porcentaje de conjuntos de datos abiertos estratégicos publicados respecto del total de conjuntos de datos estratégicos identificados, durante el periodo evaluado | F15: =+Autodiagnóstico!H18 -> 100 | G15: Guía de datos abiertos en Colombia: http://estrategia.gobiernoenlinea.gov.co/623/articles-8248_Guia_Apertura_Datos.pdf | L15: Se han publicado 3 componentes de datos abiertos: Zonas de Reserva Campesina, Resguardos Indígenas y Consejos Comunitarios. http://data-agenciadetierras.opendata.arcgis.com/ https://www.datos.gov.co/Agricultura-y-Desarrollo-Rural/Resguardos-Ind-genas/2wvk-ve5b | P15: Si | R15: La Subdirección de Sistemas de Información de Tierras actualizó el portal de datos abiertos implementando el mecanismo de carga automática al portal de datos www.datos.gov.co (ETL, Herramienta de extracción, transformación y carga). Para los 3 sets de datos abiertos que tenemos: Zonas de Reserva Campesina, Resguardos Indígenas y Consejos Comunitarios. Se aportó como evidencia el documento que contiene las acciones realizadas para la implementación de la carga automática al portal de datos. Ver: https://agenciadetierras my.sharepoint.com/:b:/g/personal/erika_ladino_agenciadetierras_gov_co/EdjvELmlWkxIkl1CrJ5VpCkB0wECxzq3YiiRBgQY1qGhSQ?e=wMf4T El pasado 21/08/2018 fue remitido por la Oficina del Inspector de la Gestión de Tierras bajo memorando número 20181040131533, el informe final – acompañamiento a la implementación de la ley 1712 de 2014 y su decreto reglamentario, realizado por la Secretaría de Transparencia, el cual concluye lo siguiente: "A Julio de 2018 Finalmente, se obtuvo como resultado: Total de requerimiento que Cumple en un 89%, es decir de las 158 preguntas 141 son afirmativas. Total de requerimiento que No Cumple en un 3%, esto es de las 158 preguntas 13 de ellas son incumplidas. Total de requerimiento que No Aplican en un 8%, es decir de las 158 preguntas 4 de éstas no aplican a la Entidad"
E16: =+Autodiagnóstico!G19 -> Se realizaron publicaciones o aplicaciones a partir de los datos abiertos por la entidad, durante el periodo evaluado | F16: =+Autodiagnóstico!H19 -> 100 | L16: Se realizó la publicación en: http://www.gatogeek.co/revolcon-tecnologico-conocer-quienes-los-duenos-la-tierra/ | P16: Si | R16: Se observó captura de pantalla de las publicaciones realizadas en los enlaces http://www.enter.co/cultura-digital/colombia-digital/mapas-zonas-etnicas-colombia/ y http://www.gatogeek.co/revolcon-tecnologico-conocer-quienes-los-duenos-la-tierra/
E17: =+Autodiagnóstico!G20 -> Durante el periodo evaluado se generaron soluciones o insumos para la solución de las problemáticas o necesidades de la entidad ,a partir de las acciones, iniciativas o ejercicios de colaboración con terceros usando medios electrónicos. | F17: =+Autodiagnóstico!H20 -> 100 | G17: Guia de innovación abierta por medios electrónicos: http://estrategia.gobiernoenlinea.gov.co/623/articles-8250_Guiainnovacion.pdf | L17: Actualmente se cuenta en funcionamiento del nodo de tierras, el cual integrado por otras entidades las cuales consume el servicio. | P17: Si | R17: Se observó notificación de Intercambio de Información el servicio WS Consulta Titulación de Baldíos y Consulta de Subsidio Integral y Directo de Reforma Agraria - SIDRA, bajo los lineamientos de la estrategia de Gobierno en línea, el Marco de referencia de Arquitectura TI Colombia y el Marco de Interoperabilidad de la Dirección de Estándares y Arquitectura de TI.
E18: =+Autodiagnóstico!G21 -> Indique el porcentaje de ejercicios, iniciativas o acciones de participación que realizó la Entidad con la ciudadanía, usuarios o grupos de interés utilizando medios electrónicos para la consulta o toma de decisiones, respecto del total de ejercicios, iniciativas o acciones de participación que ha realizado la Entidad con la ciudadanía, usuarios o grupos de interés, durante el periodo evaluado. | F18: =+Autodiagnóstico!H21 -> 100 | G18: Guía desarrollo ejercicios de participación: http://estrategia.gobiernoenlinea.gov.co/623/articles-8249_anexo_ejercicios.pdf Gobierno en redes, disponible en: http://estrategia.gobiernoenlinea.gov.co/623/articles-8248_recurso_3.pdf; Protocolo de Interacción en redes sociales, disponible en http://estrategia.gobiernoenlinea.gov.co/623/articles-8248_recurso_4.pdf Protocolo Google & Hangouts, disponible en: http://estrategia.gobiernoenlinea.gov.co/623/articles-8248_recurso_5.pdf | K18: Oficina de Planeación | L18: Rendición de Cuentas: Se realizó la encuesta previa a la audiencia por medio de la Página Web. Se creo un micrositio con toda la información que podía consultar la ciudadanía. http://www.agenciadetierras.gov.co/servicio-al-ciudadano/participacion-ciudadana/rendicion-de-cuentas/ En redes sociales se hicieron ejercicios de interacción, con el fin de resolver dudas de los ciudadanos, antes de las audiencias de Rendición de Cuentas, los Dialogos Regionales y demas eventos de la Agencia Nacional de Tierras: https://www.facebook.com/agencianacionaldetierras/ https://twitter.com/AgenciaTierras | P18: Si | R18: La Oficina de Planeación suministró los soportes correspondientes al ejercicio de Rendción de cuentas de la vigencia 2017. Así mismo suministró información acerca de los ejercicios de interacción en redes sociales.
C19: TIC para Servicios | D19: Indicadores de Proceso Logro: Servicios centrados en el usuario | E19: =+Autodiagnóstico!G22 -> Indique el porcentaje de trámites y Otros Procedimientos Administrativos (OPA) en línea de la entidad que contaron con caracterización de usuarios respecto del total de trámites y servicios en línea, para el periodo evaluado | F19: =+Autodiagnóstico!H22 -> 0 | G19: Guía de caracterización de ciudadanos, usuarios y grupos de interés: https://colaboracion.dnp.gov.co/CDT/Programa%20Nacional%20del%20Servicio%20al%20Ciudadano/Guia%20de%20Caracterizaci%C3%B3n%20de%20Ciudadanos.pdf | I19: Título 9 - Decreto 1078 de 2015 - Decreto Único Reglamentario del Sector de Tecnologías de la Información y las Comunicaciones: http://www.mintic.gov.co/portal/604/articles-9528_documento.pdf | J19: Manual de Gobierno en línea: http://estrategia.gobiernoenlinea.gov.co/623/w3-propertyvalue-8013.html | K19: Subd SINT: Poner el línea en web Secretaría general: Caracerización de usuarios Of Planeación: Trámite Plan: Santiago: 100% Justificación. Consulta titulación canal de denuncias PQRs | L19: Oficina de Planeación | Q19: No | R19: La Oficina de Planeación informó que el trámite ya se encuentra identificado, con lo cual se envió la solicitud de trámite para aprobación del DAFP, el cual respondió sobre unas dudas de la solicitud planteada por nosotros, razón por la cual se cito a una reunión con las personas responsables del DAFP realizada en la Agencia Nacional de Tierras, donde se resolvieron las inquietudes, y quedo pendiente el envío de algunos documentos que están en construcción por parte de la ANT mientras ellos terminan de revisar . Se adjunta: Listado de asistencia de la reunión, solicitud de trámite enviada en su momento y la respuesta del DAFP. La Oficina de Planeación aportó el comunicado de radicado 20181000582771 del 16/07/2018, con el cual la ANT solicitó al DAFP la aprobación del trámite "Registro de Sujetos de Ordenamiento - RESO" y a su vez las consideración dadas por el DAFP frente al trámite allegado y otros posibles trámites reglamentados por la Ley 902 del 2017. Igualmente, se observó el listado de asistieron a reunión de asunto "revisión trámite - DAFP" con fecha del 22/08/2018. Aunque se cuentan con algunos soportes de avance de la gestión, aún se cuenta con los correspondientes a los establecidos para el cumplimiento del Indicador. Se sugiere definir alternativa de mejora y plazo a implementar.
E20: =+Autodiagnóstico!G23 -> Indique el porcentaje de trámites y OPA en línea de la entidad que cumplieron criterios de accesibilidad respecto del total de trámites y servicios total y parcialmente en línea, para el periodo evaluado | F20: 0 | G20: NTC 5854 de 2012 Accesibilidad a páginas web | I20: Título 9 - Decreto 1078 de 2015 - Decreto Único Reglamentario del Sector de Tecnologías de la Información y las Comunicaciones: http://www.mintic.gov.co/portal/604/articles-9528_documento.pdf Ley estatutaria 1618 de 2013: Ejercicio pleno de las personas con discapacidad | J20: Manual de Gobierno en línea: http://estrategia.gobiernoenlinea.gov.co/623/w3-propertyvalue-8013.html | Q20: No
E21: =+Autodiagnóstico!G24 -> Indique el porcentaje de trámites y OPA total y parcialmente en línea de la entidad que cumplieron criterios de usabilidad respecto del total de trámites y servicios total y parcialmente en línea, para el periodo evaluado | F21: 0 | G21: Guía de Usabilidad: http://estrategia.gobiernoenlinea.gov.co/623/articles-8237_guia_usabilidad.pdf | I21: Título 9 - Decreto 1078 de 2015 - Decreto Único Reglamentario del Sector de Tecnologías de la Información y las Comunicaciones: http://www.mintic.gov.co/portal/604/articles-9528_documento.pdf | J21: Manual de Gobierno en línea: http://estrategia.gobiernoenlinea.gov.co/623/w3-propertyvalue-8013.html | Q21: No
E22: =+Autodiagnóstico!G25 -> Indique el porcentaje de trámites y OPA parcial y totalmente en línea de la entidad que fueron promocionados para aumentar su uso, respecto del total de trámites y servicios total y parcialmente en línea, para el periodo evaluado | F22: =+Autodiagnóstico!H25 -> 0 | I22: Título 9 - Decreto 1078 de 2015 - Decreto Único Reglamentario del Sector de Tecnologías de la Información y las Comunicaciones: http://www.mintic.gov.co/portal/604/articles-9528_documento.pdf | J22: Manual de Gobierno en línea: http://estrategia.gobiernoenlinea.gov.co/623/w3-propertyvalue-8013.html | K22: 1 trámite (RESO) no en línea y 3 OPA si en línea Andrés : Cuentas de 75 %, por 3 OPA sin línea y Trámite no en línea | Q22: No
D23: Indicadores de Proceso Logro: Sistema integrado de PQRD | E23: =+Autodiagnóstico!G26 -> Durante el periodo evaluado, la entidad contó con un formulario en su página Web para la recepción de peticiones, quejas, reclamos y denuncias | F23: =+Autodiagnóstico!H26 -> 100 | G23: Guía de atención al ciudadano/cliente por múltiples canales: http://estrategia.gobiernoenlinea.gov.co/623/articles-7995_archivo_pdf.pdf | J23: Manual de Gobierno en línea: http://estrategia.gobiernoenlinea.gov.co/623/w3-propertyvalue-8013.html | L23: La pàgina web cuenta con el Formulario de solicitudes, peticiones, quejas, reclamos y denuncias : http://www.agenciadetierras.gov.co/servicio-al-ciudadano/formulario-de-solicitudes-peticiones-quejas-reclamos-y-denuncias/ | M23: 11 | P23: Si | R23: Se observa la disponibilidad del formulario electrónico en el siguiente enlace http://www.agenciadetierras.gov.co/servicio-al-ciudadano/formulario-de-solicitudes-peticiones-quejas-reclamos-y-denuncias/ . Sin embargo, se recomienda acatar las recomendaciones dadas por la Secretaría de Transparencia en el documento "INFORME FINAL – ACOMPAÑAMIENTO A LA IMPLEMENTACIÓN DE LA LEY 1712 DE 2014 Y SU DECRETO REGLAMENTARIO".
E24: =+Autodiagnóstico!G27 -> Durante el periodo evaluado, la entidad ofreció la posibilidad de realizar peticiones, quejas, reclamos y denuncias a través de dispositivos móviles | F24: =+Autodiagnóstico!H27 -> 100 | G24: Guía de atención al ciudadanocliente por múltiples canales: http://estrategia.gobiernoenlinea.gov.co/623/articles-7995_archivo_pdf.pdf | I24: Título 9 - Decreto 1078 de 2015 - Decreto Único Reglamentario del Sector de Tecnologías de la Información y las Comunicaciones: http://www.mintic.gov.co/portal/604/articles-9528_documento.pdf Ley 1437 de 2011: Código de Procedimiento Administrativo y de lo Contencioso Administrativo: http://www.alcaldiabogota.gov.co/sisjur/normas/Norma1.jsp?i=41249 Acuerdo 03 de 2015 del Archivo General de la Nacion Llineamientos generales sobre la gestión de documentos electronicos: http://www.archivogeneral.gov.co/normatividad/files/original/7da4144544682a4873743561ea4c505a.pdf | J24: Manual de Gobierno en línea: http://estrategia.gobiernoenlinea.gov.co/623/w3-propertyvalue-8013.html | L24: La pàgina web cuenta con el Formulario de solicitudes, peticiones, quejas, reclamos y denuncias, el cual esta disponible en dispositivos moviles: http://www.agenciadetierras.gov.co/servicio-al-ciudadano/formulario-de-solicitudes-peticiones-quejas-reclamos-y-denuncias/ | P24: Si | R24: Se observó disponibilidad desde el dispositivo móvil del formulario electrónico ubicado en el siguiente enlace http://www.agenciadetierras.gov.co/servicio-al-ciudadano/formulario-de-solicitudes-peticiones-quejas-reclamos-y-denuncias/. Sin embargo, se realizaron pruebas desde diferentes dispositivos, identificando que en los dispositivos con navegadores "Safari"no es posible, visualizar el formulario.
E25: =+Autodiagnóstico!G28 -> Durante el periodo evaluado, la entidad contó con un sistema de información para el registro ordenado y la gestión de Peticiones, Quejas, Reclamos y Denuncias (PQRD) que centraliza todas las PQRD que ingresan por los diversos medios o canales | F25: 100 | G25: Guía de atención al ciudadanocliente por múltiples canales: http://estrategia.gobiernoenlinea.gov.co/623/articles-7995_archivo_pdf.pdf | I25: Título 9 - Decreto 1078 de 2015 - Decreto Único Reglamentario del Sector de Tecnologías de la Información y las Comunicaciones: http://www.mintic.gov.co/portal/604/articles-9528_documento.pdf Ley 1437 de 2011: Código de Procedimiento Administrativo y de lo Contencioso Administrativo: http://www.alcaldiabogota.gov.co/sisjur/normas/Norma1.jsp?i=41249 Acuerdo 03 de 2015 del Archivo General de la Nacion Llineamientos generales sobre la gestión de documentos electronicos: http://www.archivogeneral.gov.co/normatividad/files/original/7da4144544682a4873743561ea4c505a.pdf | J25: Manual de Gobierno en línea: http://estrategia.gobiernoenlinea.gov.co/623/w3-propertyvalue-8013.html | K25: Sereta´ria general? Hilda….Centraliza? Cuatos canales e tine para recepcionar PQRD? | L25: La entidad cuenta con el Sistema ORFEO, mediante el cual se hace el ingreso y radicación a diario, de la totalidad de comunicaciones recibidas de los ciudadanos. El Sistema ORFEO permite generar informes que dan cuenta de esta acción y periódicamente la Secretaria General remite reporte de documentos recibidos, radicados y tramitados en el sistema, por parte de cada dependencia. Semanalmente un profesional del equipo de Alexandra, remite el reporte consolidado de comunicaciones que hacen parte del sistema ORFEO. | Q25: No | R25: De acuerdo a las observaciones remitidas por la Subdirección de Sistemas de Información el 31/10/2018, manifiestan que, "el porcentaje de esta actividad había cambiado a 100%, de igual forma la evidencia es Orfeo". Sin embargo, la Secretaria General no dispone soporte en la carpeta.
D26: Indicadores de Proceso Logro: Trámites y servicios en línea | E26: =+Autodiagnóstico!G29 -> Indique el porcentaje de certificaciones y constancias de la entidad que podían hacerse en línea respecto del total de certificaciones y constancias que existían en la entidad | F26: =+Autodiagnóstico!H29 -> 0 | I26: Título 9 - Decreto 1078 de 2015 - Decreto Único Reglamentario del Sector de Tecnologías de la Información y las Comunicaciones: http://www.mintic.gov.co/portal/604/articles-9528_documento.pdf | J26: Manual de Gobierno en línea: http://estrategia.gobiernoenlinea.gov.co/623/w3-propertyvalue-8013.html | K26: Plan: 1: Determinar cuales y cuantos son las certificaciones interna y externas totales y cuantas son susceptibles de disponer en línea. (OP y SecGen, todos los asuntos de SG desde TTHH x Situaciones adm, y dese PQRSD) 2. En el marco de PETIC, elaborar propuesta de Plan de disposición en línea de certificaciones internas y externas(Situaciones administativas) talento Humano, secratpria general, OP, Sub SIT) 3. Implementar Plan de certificación en Línea | M26: 12 | Q26: No | R26: La Oficina de Planeación informó que el trámite ya se encuentra identificado, con lo cual se envió la solicitud de trámite para aprobación del DAFP, el cual respondió sobre unas dudas de la solicitud planteada por nosotros, razón por la cual se cito a una reunión con las personas responsables del DAFP realizada en la Agencia Nacional de Tierras, donde se resolvieron las inquietudes, y quedo pendiente el envío de algunos documentos que están en construcción por parte de la ANT mientras ellos terminan de revisar . Se adjunta: Listado de asistencia de la reunión, solicitud de trámite enviada en su momento y la respuesta del DAFP. La Oficina de Planeación aportó el comunicado de radicado 20181000582771 del 16/07/2018, con el cual la ANT solicitó al DAFP la aprobación del trámite "Registro de Sujetos de Ordenamiento - RESO" y a su vez las consideración dadas por el DAFP frente al trámite allegado y otros posibles trámites reglamentados por la Ley 902 del 2017. Igualmente, se observó el listado de asistieron a reunión de asunto "revisión trámite - DAFP" con fecha del 22/08/2018.
E27: =+Autodiagnóstico!G30 -> Indique el porcentaje de trámites y OPA en línea y parcialmente en línea de la entidad respecto del total de trámites y OPA inscritos en el SUIT | F27: =+Autodiagnóstico!H30 -> 0 | I27: Título 9 - Decreto 1078 de 2015 - Decreto Único Reglamentario del Sector de Tecnologías de la Información y las Comunicaciones: http://www.mintic.gov.co/portal/604/articles-9528_documento.pdf Acuerdo 03 de 2015 del Archivo General de la Nacion Llineamientos generales sobre la gestión de documentos electronicos: http://www.archivogeneral.gov.co/normatividad/files/original/7da4144544682a4873743561ea4c505a.pdf Decreto 019 de 2012 - Suprimir o reformar regulaciones, procedimientos y trámites innecesarios existentes en la Administración Pública: http://www.mintic.gov.co/portal/604/w3-article-3567.html Decreto 2364 de 2012 - Firma electrónica: http://wsp.presidencia.gov.co/Normativa/Decretos/2012/Documents/NOVIEMBRE/22/DECRETO%202364%20DEL%2022%20DE%20NOVIEMBRE%20DE%202012.pdf Ley 962 de 2005 - Racionalización de trámites y procedimientos administrativos procedimientos administrativos: http://www.mintic.gov.co/portal/604/articles-3725_documento.pdf Decreto 1747 de 2000 - Entidades de certificación, los certificados y las firmas digitales: http://www.alcaldiabogota.gov.co/sisjur/normas/Norma1.jsp?i=4277 Ley 527 de 1999 - Ley de Comercio Electrónico: http://www.alcaldiabogota.gov.co/sisjur/normas/Norma1.jsp?i=4276 Decreto Ley 2150 de 1995 - Suprimen y reforman regulaciones, procedimientos o trámites innecesarios existentes en la Administración Pública: http://www.alcaldiabogota.gov.co/sisjur/normas/Norma1.jsp?i=1208 | J27: Manual de Gobierno en línea: http://estrategia.gobiernoenlinea.gov.co/623/w3-propertyvalue-8013.html | K27: Of Planeación (Yeny del DAFP) | Q27: No
D28: Indicadores de Resultado TIC para Servicios | E28: =+Autodiagnóstico!G31 -> Indique en una escala de 0 a 100 el nivel de satisfacción de los usuarios de sus trámites y servicios en línea, durante el periodo evaluado | F28: =+Autodiagnóstico!H31 -> 0 | G28: Lineamientos para el diseño e implementación de mediciones de percepción y expectativas ciudadanas: http://estrategia.gobiernoenlinea.gov.co/623/articles-8237_medicion_percepcion.pdf | J28: Manual de Gobierno en línea: http://estrategia.gobiernoenlinea.gov.co/623/w3-propertyvalue-8013.html | K28: OF Planeación con Yenny del DAFP | L28: Oficina de Planeación | M28: 13 | Q28: No | R28: La Oficina de Planeación informó que el trámite ya se encuentra identificado, con lo cual se envió la solicitud de trámite para aprobación del DAFP, el cual respondió sobre unas dudas de la solicitud planteada por nosotros, razón por la cual se cito a una reunión con las personas responsables del DAFP realizada en la Agencia Nacional de Tierras, donde se resolvieron las inquietudes, y quedo pendiente el envío de algunos documentos que están en construcción por parte de la ANT mientras ellos terminan de revisar . Se adjunta: Listado de asistencia de la reunión, solicitud de trámite enviada en su momento y la respuesta del DAFP. La Oficina de Planeación aportó el comunicado de radicado 20181000582771 del 16/07/2018, con el cual la ANT solicitó al DAFP la aprobación del trámite "Registro de Sujetos de Ordenamiento - RESO" y a su vez las consideración dadas por el DAFP frente al trámite allegado y otros posibles trámites reglamentados por la Ley 902 del 2017. Igualmente, se observó el listado de asistieron a reunión de asunto "revisión trámite - DAFP" con fecha del 22/08/2018.
E29: =+Autodiagnóstico!G32 -> En relación con los 3 trámites/servicios en línea más demandados de la entidad, indique: a. ¿Cuánto tiempo (en días) demoraba la entidad en entregar el trámite/servicio más demandado desde la recepción de la solicitud del usuario hasta la entrega del producto de dicha solicitud, cuando el trámite/servicio se ofrecía de forma presencial? b. ¿Cuánto tiempo (en días) demora la entidad entregar el mismo trámite/servicio más demandado en línea, desde la recepción de la solicitud del usuario hasta la entrega del producto de dicha solicitud? c. ¿Cuánto tiempo (en días) demoraba la entidad en entregar el segundo trámite/servicio más demandado desde la recepción de la solicitud del usuario hasta la entrega del producto de dicha solicitud, cuando el trámite/servicio se ofrecía de forma presencial? d. ¿Cuánto tiempo (en días) demora la entidad entregar el mismo segundo trámite más demandado en línea, desde la recepción de la solicitud del usuario hasta la entrega del producto de dicha solicitud? e. ¿Cuánto tiempo (en días) demoraba la entidad en entregar el tercer trámite/servicio más demandado desde la recepción de la solicitud del usuario hasta la entrega del producto de dicha solicitud, cuando el trámite/servicio se ofrecía de forma presencial? f. ¿Cuánto tiempo (en días) demora la entidad entregar el mismo tercer trámite más demandado en línea, desde la recepción de la solicitud del usuario hasta la entrega del producto de dicha solicitud? g. ¿Cuánto pagaba el usuario a la entidad por realizar el primer trámite más demandado cuando debía hacerlo de forma presencial? h. ¿Cuánto paga el usuario a la entidad por realizar el mismo primer trámite más demandado al hacerlo en línea? i. ¿Cuánto pagaba el usuario a la entidad por realizar el segundo trámite más demandado cuando debía hacerlo de forma presencial? j. ¿Cuánto paga el usuario a la entidad por realizar el mismo segundo trámite más demandado al hacerlo en línea? k. ¿Cuánto pagaba el usuario a la entidad por realizar el tercer trámite más demandado cuando debía hacerlo de forma presencial? l. ¿Cuánto paga el usuario a la entidad por realizar el mismo tercer trámite más demandado al hacerlo en línea? | F29: =+Autodiagnóstico!H32 -> 0 | J29: Manual de Gobierno en línea: http://estrategia.gobiernoenlinea.gov.co/623/w3-propertyvalue-8013.html | K29: OF Planeación con Yenny del DAFP | Q29: No
C30: TIC para la gestión | D30: Indicadores de Proceso Logro: Estrategia de TI | E30: =+Autodiagnóstico!G33 -> La entidad formuló y actualizó el Plan Estratégico de Tecnologías de Información (PETI), de acuerdo con el marco de referencia de Arquitectura Empresarial del Estado | F30: =+Autodiagnóstico!H33 -> 100 | G30: Guía para el diseño de un Plan Estratégico de las Tecnologías de Información: https://www.mintic.gov.co/portal/604/articles-15399_foto_marquesina.pdf Guía General de Adopción del Marco de Referencia de Arquitectura Empresarial: http://www.mintic.gov.co/arquitecturati/630/articles-9434_Guia_Proceso.pdf | I30: Título 9 - Decreto 1078 de 2015 - Decreto Único Reglamentario del Sector de Tecnologías de la Información y las Comunicaciones: http://www.mintic.gov.co/portal/604/articles-9528_documento.pdf | J30: Manual de Gobierno en línea: http://estrategia.gobiernoenlinea.gov.co/623/w3-propertyvalue-8013.html Marco de Referencia de Arquitectura Empresarial para la Gestión de las Tecnologías de la Información a adoptar en las entidades del Estado Colombiano: http://www.mintic.gov.co/arquitecturati/630/w3-propertyvalue-8114.html | L30: Se cuenta con el PETIC actualizado, podra consultarse en la carpeta compartida. | M30: 14 | P30: Si | R30: Se observó el documento PLAN ESTRATÉGICO DE TECNOLOGÍAS DE INFORMACIÓN Y COMUNICACIÓN PETIC, este no se encuentra controlado en el sistema de gestión de la entidad.
E31: =+Autodiagnóstico!G34 -> La entidad incluyó en el PETI: a. El portafolio o mapa de ruta de los proyectos b. La proyección del presupuesto, c. El entendimiento estratégico, d. El análisis de la situación actual, e. El plan de comunicaciones del PETI f. Todos los dominios del Marco de Referencia. | F31: =+Autodiagnóstico!H34 -> 100 | I31: Título 9 - Decreto 1078 de 2015 - Decreto Único Reglamentario del Sector de Tecnologías de la Información y las Comunicaciones: http://www.mintic.gov.co/portal/604/articles-9528_documento.pdf | J31: Manual de Gobierno en línea: http://estrategia.gobiernoenlinea.gov.co/623/w3-propertyvalue-8013.html Marco de Referencia de Arquitectura Empresarial para la Gestión de las Tecnologías de la Información a adoptar en las entidades del Estado Colombiano: http://www.mintic.gov.co/arquitecturati/630/w3-propertyvalue-8114.html | L31: Se cuenta con el PETIC actualizado, podra consultarse en la carpeta compartida. | P31: Si | R31: La Subdirección de Sistemas de Información suministró los tomos correspondientes al Plan Estratégico de Tecnologías de Información y Comunicación, identificando lo siguiente: a.El portafolio o mapa de ruta de los proyectos: se observa dentro del Modelo de Planeación b. La proyección del presupuesto: se observa dentro del Modelo de Planeación c. El entendimiento estratégico: se observa en el documento "Análisis situacional y entendimiento" d. El análisis de la situación actual: se observa en el documento "Análisis situacional y entendimiento" e. El plan de comunicaciones del PETI: se observa dentro del Modelo de Gestión como Estrategia para el uso y apropiación de TIC f. Todos los dominios del Marco de Referencia: se observa dentro del Modelo de Gestión
E32: =+Autodiagnóstico!G35 -> Seleccione las actividades realizadas por la entidad en materia de monitoreo de la Estrategia de Gobierno en línea: a. Definición de indicadores de seguimiento y evaluación del PETI b. Medición de indicadores del PETI c. Formulación de acciones de mejora a partir de la medición de indicadores de seguimiento y evaluación del PETI | F32: =+Autodiagnóstico!H35 -> 100 | G32: Guía de Indicadores del dominio de Estrategia del Marco de Referencia de Arquitectura Empresarial para la Gestión de TI del Estado: http://www.mintic.gov.co/arquitecturati/630/articles-8827_indicadores.pdf | I32: Título 9 - Decreto 1078 de 2015 - Decreto Único Reglamentario del Sector de Tecnologías de la Información y las Comunicaciones: http://www.mintic.gov.co/portal/604/articles-9528_documento.pdf | J32: Manual de Gobierno en línea: http://estrategia.gobiernoenlinea.gov.co/623/w3-propertyvalue-8013.html Marco de Referencia de Arquitectura Empresarial para la Gestión de las Tecnologías de la Información a adoptar en las entidades del Estado Colombiano: http://www.mintic.gov.co/arquitecturati/630/w3-propertyvalue-8114.html | L32: Se cuenta con indicadores del PETIC los cuales podran consultarse en la carpeta compartida. | P32: Si | R32: Se observaron las fichas tecnicas de indicadores construidos para la medición de avance de la implementación del PETIC.
E33: =+Autodiagnóstico!G36 -> En relación con el catálogo de servicios de TI, la Entidad: a. Lo tiene y está actualizado b. Lo tiene y no está actualizado c. No lo tiene o se encuentra en proceso de construcción | F33: =+Autodiagnóstico!H36 -> 100 | G33: Guía para la definición del portafolio de servicios de TI del Marco de Referencia de Arquitectura Empresarial para la Gestión de TI:http://www.mintic.gov.co/arquitecturati/630/w3-article-9482.html | I33: Título 9 - Decreto 1078 de 2015 - Decreto Único Reglamentario del Sector de Tecnologías de la Información y las Comunicaciones: http://www.mintic.gov.co/portal/604/articles-9528_documento.pdf | J33: Manual de Gobierno en línea: http://estrategia.gobiernoenlinea.gov.co/623/w3-propertyvalue-8013.html Marco de Referencia de Arquitectura Empresarial para la Gestión de las Tecnologías de la Información a adoptar en las entidades del Estado Colombiano: http://www.mintic.gov.co/arquitecturati/630/w3-propertyvalue-8114.html | L33: Se cuenta con el catalogo de servicios de TI, el cual se encuentra actualizado y disponible en la carpeta compartida | P33: Si | R33: Se observaron los catalogos de información y servicio de la ANT.
E34: =+Autodiagnóstico!G37 -> Con respecto a Arquitectura Empresarial la Entidad: a. Realizó ejercicios de arquitectura empresarial de toda la entidad. b. Realizó ejercicios de arquitectura empresarial a nivel de uno proceso o más procesos de la entidad. c. Se encuentra en proceso de ejecución | F34: =+Autodiagnóstico!H37 -> 100 | G34: Guía General de un Proceso de AE del Marco de Referencia de Arquitectura Empresarial para la Gestión de TI del Estado Colombiano: http://www.mintic.gov.co/arquitecturati/630/articles-9435_Guia_Proceso.pdf | I34: Título 9 - Decreto 1078 de 2015 - Decreto Único Reglamentario del Sector de Tecnologías de la Información y las Comunicaciones: http://www.mintic.gov.co/portal/604/articles-9528_documento.pdf | J34: Manual de Gobierno en línea: http://estrategia.gobiernoenlinea.gov.co/623/w3-propertyvalue-8013.html Marco de Referencia de Arquitectura Empresarial para la Gestión de las Tecnologías de la Información a adoptar en las entidades del Estado Colombiano: http://www.mintic.gov.co/arquitecturati/630/w3-propertyvalue-8114.html | L34: Se cuenta con la arquitectura de la Entidad y se relacionan en la carpeta compartida de la ANT. | P34: Si | R34: Se observó documento de Arquitectura TI. este no se encuentra controlado en el sistema de gestión de la entidad.
D35: Indicadores de Proceso Logro: Gobierno de TI | E35: =+Autodiagnóstico!G38 -> Durante el periodo evaluado, la entidad incorporó en su esquema de gobierno de TI a. Políticas de TI b. Procesos de TI c. Indicadores de TI d. Instancias de decisión de TI e. Roles y responsabilidades de TI f. Estructura organizacional del área de TI | F35: =+Autodiagnóstico!H38 -> 100 | G35: Guía del dominio de Gobierno TI del Marco de Referencia de Arquitectura Empresarial para la Gestión de TI: http://www.mintic.gov.co/arquitecturati/630/w3-article-9267.html | I35: Título 9 - Decreto 1078 de 2015 - Decreto Único Reglamentario del Sector de Tecnologías de la Información y las Comunicaciones: http://www.mintic.gov.co/portal/604/articles-9528_documento.pdf | J35: Manual de Gobierno en línea: http://estrategia.gobiernoenlinea.gov.co/623/w3-propertyvalue-8013.html Marco de Referencia de Arquitectura Empresarial para la Gestión de las Tecnologías de la Información a adoptar en las entidades del Estado Colombiano: http://www.mintic.gov.co/arquitecturati/630/w3-propertyvalue-8114.html | L35: Se cuenta con un esquema de gobierno de TI el cual se puede consultar en la INTRANET de la entidad, en Gestion de la Informaciòn o Inteligencia de la Información. Adicionalmente en el PETIC se describe de manera detallada el Esquema deGobierno de TI. | M35: 15 | P35: Si | R35: Se observó en la Intranet en el proceso de Inteligencia de la Información, la publicación de los siguientes documentos: Políticas (Política General de Seguridad de Información y Protección de datos, Política de la Gestión de la información, Política General de Infraestructura TIC, Política General de Servicios TIC, Uso y Apropiación, Política General de Estrategia TIC, Política General de Sistemas de Información). Procedimientos (Control de la información documentada, gestión del conocimiento, Arquitectura TIC, Gobierno De TIC, Planeación Estratégica De Tecnologías De La Información Y Comunicaciones, Producción Estadística Para El Observatorio De Tierras.) Indicadores (implementación del PETIC, Implementación del sistema integrado de tierras para la gestión del OSPR, plataforma tecnológica implementada en un 30%, documentos de lineamientos técnicos elaborados, documentos de planeación elaborados., implementación del petic, Gestión del conocimiento Así mismo, se observó en el documento del Modelo de Gestión, la descripción el esquema de Gobierno TI.
E36: =+Autodiagnóstico!G39 -> Con respecto a la optimización de las compras de TI, la entidad: a. Utilizó Acuerdos Marco de Precios para bienes y servicios de TI b. Utilizó contratos de agregación de demanda para bienes y servicios de TI. c. Aplicó metodologías o casos de negocio y criterios para la selección y/o evaluación de soluciones de TI | F36: =+Autodiagnóstico!H39 -> 100 | G36: Guía para entender los Acuerdos Marco de Precios: https://www.colombiacompra.gov.co/sites/default/files/manuales/acuerdos_marco.pdf | I36: Título 9 - Decreto 1078 de 2015 - Decreto Único Reglamentario del Sector de Tecnologías de la Información y las Comunicaciones: http://www.mintic.gov.co/portal/604/articles-9528_documento.pdf | J36: Manual de Gobierno en línea: http://estrategia.gobiernoenlinea.gov.co/623/w3-propertyvalue-8013.html Marco de Referencia de Arquitectura Empresarial para la Gestión de las Tecnologías de la Información a adoptar en las entidades del Estado Colombiano: http://www.mintic.gov.co/arquitecturati/630/w3-propertyvalue-8114.html | L36: Se han optimizado las compra a través de los acuerdos marco, la evidencia se encuentra en la carpeta compartida de la entidad. | P36: Si | R36: La Subidrección de Sistemas de Información de Tierras suministró evidencia de la compra realizada mediante la tienda virtual. Así como, las ordenes de compra N°846 y 883, generadas en el 2018.
E37: =+Autodiagnóstico!G40 -> Durante el periodo evaluado, la entidad usó una metodología para la gestión de proyectos de TI | F37: =+Autodiagnóstico!H40 -> 0 | J37: Manual de Gobierno en línea: http://estrategia.gobiernoenlinea.gov.co/623/w3-propertyvalue-8013.html Marco de Referencia de Arquitectura Empresarial para la Gestión de las Tecnologías de la Información a adoptar en las entidades del Estado Colombiano: http://www.mintic.gov.co/arquitecturati/630/w3-propertyvalue-8114.html | K37: Implementar la metodologia de Gestión de Proyectos de TI | L37: Implementar la metodologia de Gestión de Proyectos de TI, la cual se encuentra en proceso de revisi'on y aprobaci'on | Q37: No | R37: Se observó documento de Metodología Unidad de gestión por proyectos, este no se encuentra controlado en el sistema de gestión de la entidad. Se sugiere definir calificación en el autodiagnositco y fechas de implementación de la mejora.
E38: =+Autodiagnóstico!G41 -> Durante el periodo evaluado, hubo transferencia de conocimiento de los proveedores y/o contratistas de TI hacia la Entidad. | F38: =+Autodiagnóstico!H41 -> 100 | I38: Título 9 - Decreto 1078 de 2015 - Decreto Único Reglamentario del Sector de Tecnologías de la Información y las Comunicaciones: http://www.mintic.gov.co/portal/604/articles-9528_documento.pdf | J38: Manual de Gobierno en línea: http://estrategia.gobiernoenlinea.gov.co/623/w3-propertyvalue-8013.html Marco de Referencia de Arquitectura Empresarial para la Gestión de las Tecnologías de la Información a adoptar en las entidades del Estado Colombiano: http://www.mintic.gov.co/arquitecturati/630/w3-propertyvalue-8114.html | K38: SECRETARIA GENERAL / SOPORTE TECNOLOGICO | P38: Si | R38: La Secretaria general Suministró en la carpeta de MIPG, soportes de capacitaciones realizadas de temas relacionados con (Klic, Aranda, Mantenimientos preventivos, Orfeo)
D39: Indicadores de Proceso Logro: Información | E39: =+Autodiagnóstico!G42 -> Con relación a la gestión y planeación de los componentes de información, la entidad: a. Definió un esquema de gobierno de los componentes de información b. Definió una metodología para el diseño de los componentes de Información c. Definió un esquema para el análisis y aprovechamiento de los componentes de Información. e. Ninguna de la anteriores | F39: =+Autodiagnóstico!H42 -> 100 | G39: Guía Técnica Básica de Información del Marco de Referencia de Arquitectura Empresarial para la Gestión de TI: http://www.mintic.gov.co/arquitecturati/630/w3-article-9253.html | I39: Título 9 - Decreto 1078 de 2015 - Decreto Único Reglamentario del Sector de Tecnologías de la Información y las Comunicaciones: http://www.mintic.gov.co/portal/604/articles-9528_documento.pdf | J39: Manual de Gobierno en línea: http://estrategia.gobiernoenlinea.gov.co/623/w3-propertyvalue-8013.html Marco de Referencia de Arquitectura Empresarial para la Gestión de las Tecnologías de la Información a adoptar en las entidades del Estado Colombiano: http://www.mintic.gov.co/arquitecturati/630/w3-propertyvalue-8114.html | P39: Si | R39: Se observó Plan de Calidad de la información, el cual contiene la descripción del componente de información. Este no se encuentra controlado en el sistema de gestión de la entidad.
E40: =+Autodiagnóstico!G43 -> Del catalogó de componentes de información, la entidad ha documentado de acuerdo con el Marco de Referencia de Arquitectura empresarial: a El Catálogo o directorio de datos (abiertos y georreferenciados) b El Catálogo de Información c El Catálogo de Servicios de información d El Catálogo de Flujos de información | F40: =+Autodiagnóstico!H43 -> 100 | G40: Guía Cómo construir el catálogo de Componentes de Información del Marco de Referencia de Arquitectura Empresarial para la Gestión de TI: http://www.mintic.gov.co/arquitecturati/630/w3-article-47504.html | I40: Título 9 - Decreto 1078 de 2015 - Decreto Único Reglamentario del Sector de Tecnologías de la Información y las Comunicaciones: http://www.mintic.gov.co/portal/604/articles-9528_documento.pdf | J40: Manual de Gobierno en línea: http://estrategia.gobiernoenlinea.gov.co/623/w3-propertyvalue-8013.html Marco de Referencia de Arquitectura Empresarial para la Gestión de las Tecnologías de la Información a adoptar en las entidades del Estado Colombiano: http://www.mintic.gov.co/arquitecturati/630/w3-propertyvalue-8114.html | L40: La entidad cuenta con los catalogos de: Información, Sistemas de Información, Servicios Tecnologico y Servicios de TI. Se pueden consultar en la carpeta compartida | P40: Si | R40: Se observaron catalogos de Información, Sistemas de información, Servicios tecnológicos y Servicios de TI.
E41: =+Autodiagnóstico!G44 -> Durante el periodo evaluado, la entidad usó el estándar GEL-XML en la implementación de servicios para el intercambio de información con otras entidades | F41: =+Autodiagnóstico!H44 -> 100 | G41: Guía de uso del Lenguaje Común de Intercambio de Información http://estrategia.gobiernoenlinea.gov.co/623/articles-8240_Guia_Lenguaje.pdf | I41: Título 9 - Decreto 1078 de 2015 - Decreto Único Reglamentario del Sector de Tecnologías de la Información y las Comunicaciones: http://www.mintic.gov.co/portal/604/articles-9528_documento.pdf | J41: Manual de Gobierno en línea: http://estrategia.gobiernoenlinea.gov.co/623/w3-propertyvalue-8013.html Marco de Referencia de Arquitectura Empresarial para la Gestión de las Tecnologías de la Información a adoptar en las entidades del Estado Colombiano: http://www.mintic.gov.co/arquitecturati/630/w3-propertyvalue-8114.html | P41: Si | R41: Se observó notificación de cumplimiento del uso del estándar de Lenguaje Común de Intercambio de Información,en la publicación en el Directorio de servicios de intercambio de información WS Consulta Titulación de Baldíos y la Consulta de Subsidio Integral Directo de Reforma Agraria SIDRA.
E42: =+Autodiagnóstico!G45 -> Seleccione las actividades realizadas por la entidad en materia de monitoreo de la Estrategia de Gobierno en línea: a. Definición de un programa y/o estrategia de calidad de los componentes de información institucional b. Seguimiento del programa y/o estrategia de calidad de los componentes de información definido c. Implementación de los controles de calidad de los datos en los sistemas de información d. Definición de los indicadores y métricas para medir la calidad de los componentes de información e. Ejercicios de diagnóstico y perfilamiento de la calidad de datos. f. Definición y aplicación metodologías para medir la calidad de los componentes de información. | F42: =+Autodiagnóstico!H45 -> 100 | I42: Título 9 - Decreto 1078 de 2015 - Decreto Único Reglamentario del Sector de Tecnologías de la Información y las Comunicaciones: http://www.mintic.gov.co/portal/604/articles-9528_documento.pdf | J42: Manual de Gobierno en línea: http://estrategia.gobiernoenlinea.gov.co/623/w3-propertyvalue-8013.html Marco de Referencia de Arquitectura Empresarial para la Gestión de las Tecnologías de la Información a adoptar en las entidades del Estado Colombiano: http://www.mintic.gov.co/arquitecturati/630/w3-propertyvalue-8114.html | K42: Validar!!! | P42: Si | R42: Se observó Plan de Calidad de la información. Este no se encuentra controlado en el sistema de gestión de la entidad. De acuerdo a las observaciones remitidas por la Subidrección de Sistemas de Información el 31/10/2018, se observó registro de puntaje de la actividad de gestión
D43: Indicadores de Proceso Logro: Sistemas de Información | E43: =+Autodiagnóstico!G46 -> Durante el periodo evaluado, la entidad incorporó dentro de los contratos de desarrollo de sistemas de información, cláusulas que obliguen a realizar transferencia de derechos de autor a su favor. | F43: =+Autodiagnóstico!H46 -> 100 | I43: Título 9 - Decreto 1078 de 2015 - Decreto Único Reglamentario del Sector de Tecnologías de la Información y las Comunicaciones: http://www.mintic.gov.co/portal/604/articles-9528_documento.pdf | J43: Manual de Gobierno en línea: http://estrategia.gobiernoenlinea.gov.co/623/w3-propertyvalue-8013.html Marco de Referencia de Arquitectura Empresarial para la Gestión de las Tecnologías de la Información a adoptar en las entidades del Estado Colombiano: http://www.mintic.gov.co/arquitecturati/630/w3-propertyvalue-8114.html | L43: Dentro de los contratos de prestación de servicios se encuentra la clausula de derechos de autos y confidencialidad, la cual pueden verificar en SECOP | P43: Si | R43: Se observó modelo de Minuta de contrato, en la que se incluye clausula decima cuarta Derechos de autor y décima quinta Confidencialidad. Se sugiere tener relación de los contratos correspondientes a los de Desarrollo de Sistemas de información.
E44: =+Autodiagnóstico!G47 -> Durante el periodo evaluado, la entidad implementó dentro de sus sistemas de información la guía de estilo y las especificaciones técnicas de usabilidad definidas por la Entidad y el Ministerio de TIC en sus: a. Sistemas de información misionales b. Sistemas de información de soporte c. Sistemas de información estratégicos d. Portales digitales e. Ninguna de las anteriores | F44: =+Autodiagnóstico!H47 -> 25 | I44: Título 9 - Decreto 1078 de 2015 - Decreto Único Reglamentario del Sector de Tecnologías de la Información y las Comunicaciones: http://www.mintic.gov.co/portal/604/articles-9528_documento.pdf | J44: Manual de Gobierno en línea: http://estrategia.gobiernoenlinea.gov.co/623/w3-propertyvalue-8013.html Marco de Referencia de Arquitectura Empresarial para la Gestión de las Tecnologías de la Información a adoptar en las entidades del Estado Colombiano: http://www.mintic.gov.co/arquitecturati/630/w3-propertyvalue-8114.html | K44: Incluir dentro de la metodologia de construcciòn de sofware la implementacion de la guia de estilo y las especificaciones tecnicas de usabilidad del MINTIC. | L44: Incluir dentro de la metodologia de construcciòn de sofware la implementacion de la guia de estilo y las especificaciones tecnicas de usabilidad del MINTIC. Agosto 2018. | M44: Se mantiene el porcentaje hasta la implementaciòn de la metodologìa en los sistemas de información de la entidad. | P44: Si | R44: Se observó información asociaciada a accesibilidad y usabilidad del sitio web de la entidad.
E45: =+Autodiagnóstico!G48 -> Durante el periodo evaluado, los sistemas de información de la entidad cumplieron con características que permiten la apertura de sus datos | F45: =+Autodiagnóstico!H48 -> 100 | I45: Título 9 - Decreto 1078 de 2015 - Decreto Único Reglamentario del Sector de Tecnologías de la Información y las Comunicaciones: http://www.mintic.gov.co/portal/604/articles-9528_documento.pdf | J45: Manual de Gobierno en línea: http://estrategia.gobiernoenlinea.gov.co/623/w3-propertyvalue-8013.html Marco de Referencia de Arquitectura Empresarial para la Gestión de las Tecnologías de la Información a adoptar en las entidades del Estado Colombiano: http://www.mintic.gov.co/arquitecturati/630/w3-propertyvalue-8114.html | L45: se debe revisar directamente con la SSIT | P45: Si | R45: Se observó la disponibilidad en la página web de la Agencia en el link de Servicio al ciudadano, en el enlace http://baldios.agenciadetierras.gov.co/consulta_online/RegistroEnLinea/SeleccionSolicitud.aspx, la opción de registro de la solicitud de titulación de baldios
E46: =+Autodiagnóstico!G49 -> Con respecto al ciclo de vida de los sistemas de información, la entidad: a. Definió y aplicó metodologías para el diseño, desarrollo, implementación y despliegue de los sistemas de información. b. Implementó actividades para la gestión del control de cambios sobre los sistemas de información. c. Realizó mantenimientos preventivos y correctivos sobre los sistemas de información. d. Estableció ambientes de pruebas y producción independientes, para asegurar la correcta funcionalidad de los sistemas de información. | F46: =+Autodiagnóstico!H49 -> 100 | G46: Guía del dominio de Sistemas de Información del Marco de Referencia de Arquitectura Empresarial para la Gestión de TI: http://www.mintic.gov.co/arquitecturati/630/w3-article-9262.html | I46: Título 9 - Decreto 1078 de 2015 - Decreto Único Reglamentario del Sector de Tecnologías de la Información y las Comunicaciones: http://www.mintic.gov.co/portal/604/articles-9528_documento.pdf | J46: Manual de Gobierno en línea: http://estrategia.gobiernoenlinea.gov.co/623/w3-propertyvalue-8013.html Marco de Referencia de Arquitectura Empresarial para la Gestión de las Tecnologías de la Información a adoptar en las entidades del Estado Colombiano: http://www.mintic.gov.co/arquitecturati/630/w3-propertyvalue-8114.html | L46: La documentaciòn del ciclo de vida del sistema de informaciòn SIT se encuentra en el team foundation services - TFS , el cual se debe revisar directamente con la SSIT | P46: Si | R46: Se observó la herramienta Team Foundation Services, mediante la cual se puede extraer información sobre el estado de todos los casos: estado de las tareas, errores, pruebas o calidad de las compilaciones.
E47: =+Autodiagnóstico!G50 -> Con respecto a la arquitectura de los sistemas de información, la entidad: a. Elaboró el catálogo de sistemas de información b. Definió los diagramas de interacción e interoperabilidad de sus sistemas de información. c. Documentó las arquitecturas de solución de sus sistemas de información. | F47: =+Autodiagnóstico!H50 -> 100 | G47: Guía del dominio de Sistemas de Información del Marco de Referencia de Arquitectura Empresarial para la Gestión de TI: http://www.mintic.gov.co/arquitecturati/630/w3-article-9262.html | I47: Título 9 - Decreto 1078 de 2015 - Decreto Único Reglamentario del Sector de Tecnologías de la Información y las Comunicaciones: http://www.mintic.gov.co/portal/604/articles-9528_documento.pdf | J47: Manual de Gobierno en línea: http://estrategia.gobiernoenlinea.gov.co/623/w3-propertyvalue-8013.html Marco de Referencia de Arquitectura Empresarial para la Gestión de las Tecnologías de la Información a adoptar en las entidades del Estado Colombiano: http://www.mintic.gov.co/arquitecturati/630/w3-propertyvalue-8114.html | L47: Se cuenta con los catalogos de sistemas de información,y toda la arquitectura de estos. Podra consultarse en la carpeta compartida disponible. | P47: Si | R47: Se observaron los catalogos de información y servicio de la ANT.
E48: =+Autodiagnóstico!G51 -> Durante el periodo evaluado, la Entidad contó con mecanismos para asegurar la trazabilidad sobre las transacciones realizadas en los sistemas de información: a Totalmente (Políticas y Parametrización en más del 90% de Sistemas de Información) b Parcialmente (Políticas y parametrización entre el 50 y 90% de sus sistemas de información) c Incipientemente (Políticas y parametrización en menos del 50% de sus sistemas de información) | F48: =+Autodiagnóstico!H51 -> 100 | G48: Guía Técnica de Sistemas de Información - Trazabilidad del Marco de Referencia de Arquitectura Empresarial para la Gestión de TI. | I48: Título 9 - Decreto 1078 de 2015 - Decreto Único Reglamentario del Sector de Tecnologías de la Información y las Comunicaciones: http://www.mintic.gov.co/portal/604/articles-9528_documento.pdf | J48: Manual de Gobierno en línea: http://estrategia.gobiernoenlinea.gov.co/623/w3-propertyvalue-8013.html Marco de Referencia de Arquitectura Empresarial para la Gestión de las Tecnologías de la Información a adoptar en las entidades del Estado Colombiano: http://www.mintic.gov.co/arquitecturati/630/w3-propertyvalue-8114.html | L48: La trazabilidad puede ser verificada en el team foundation services - TFS | P48: Si | R48: A través del TFS, se puede hacer trazabilidad de las transacciones de los Sistemas de Información, contando con los registros de tiempos y fases. Así mismo, a través del SIT y desde el área de bases de datos se obtiene trazabilidad de los requerimientos en los Sistemas de Información.
D49: Indicadores de Proceso Logro: Servicios Tecnológicos | E49: =+Autodiagnóstico!G52 -> La Entidad posee una arquitectura de servicios tecnológicos (arquitectura de infraestructura tecnológica): a Documentada y no actualizada b Documentada y actualizada | F49: =+Autodiagnóstico!H52 -> 100 | G49: Guía del dominio de Servicios Tecnológicos del Marco de Referencia de Arquitectura Empresarial para la Gestión de TI: http://www.mintic.gov.co/arquitecturati/630/w3-article-9277.html | I49: Título 9 - Decreto 1078 de 2015 - Decreto Único Reglamentario del Sector de Tecnologías de la Información y las Comunicaciones: http://www.mintic.gov.co/portal/604/articles-9528_documento.pdf | J49: Manual de Gobierno en línea: http://estrategia.gobiernoenlinea.gov.co/623/w3-propertyvalue-8013.html Marco de Referencia de Arquitectura Empresarial para la Gestión de las Tecnologías de la Información a adoptar en las entidades del Estado Colombiano: http://www.mintic.gov.co/arquitecturati/630/w3-propertyvalue-8114.html | L49: La evidencia a la documentaciòn de la arquitectura de infraestructura tecnologica, se encuentra en lacarpeta de arquitectura. | P49: Si | R49: Se observó el borrador del documento "PLAN ESTRATÉGICO DE TECNOLOGÍAS DE INFORMACIÓN Y COMUNICACIÓN PETIC -MODELO DE PLANEACIÓN-"
E50: =+Autodiagnóstico!G53 -> La entidad aplicó metodologías de evaluación de alternativas de solución y/o tendencias tecnológicas para la adquisición de servicios y/o soluciones de TI: a. Siempre b. Algunas veces c. Nunca | F50: =+Autodiagnóstico!H53 -> 100 | I50: Título 9 - Decreto 1078 de 2015 - Decreto Único Reglamentario del Sector de Tecnologías de la Información y las Comunicaciones: http://www.mintic.gov.co/portal/604/articles-9528_documento.pdf | J50: Manual de Gobierno en línea: http://estrategia.gobiernoenlinea.gov.co/623/w3-propertyvalue-8013.html Marco de Referencia de Arquitectura Empresarial para la Gestión de las Tecnologías de la Información a adoptar en las entidades del Estado Colombiano: http://www.mintic.gov.co/arquitecturati/630/w3-propertyvalue-8114.html | K50: Validar!!! | P50: Si | R50: Se observó presentación de Arquitectura empresarial en la que se incluyen datos de indicadores establecidos para medir el avande en la implementación del PETIC, así mismo de observaron datos indicadores de licenciamiento, sin embargo no se encuentran definidas las fichas tecnicas.
E51: =+Autodiagnóstico!G54 -> Durante el periodo evaluado, la entidad implementó un programa de correcta disposición final de los residuos tecnológicos | F51: =+Autodiagnóstico!H54 -> 100 | I51: Título 9 - Decreto 1078 de 2015 - Decreto Único Reglamentario del Sector de Tecnologías de la Información y las Comunicaciones: http://www.mintic.gov.co/portal/604/articles-9528_documento.pdf | J51: Manual de Gobierno en línea: http://estrategia.gobiernoenlinea.gov.co/623/w3-propertyvalue-8013.html Marco de Referencia de Arquitectura Empresarial para la Gestión de las Tecnologías de la Información a adoptar en las entidades del Estado Colombiano: http://www.mintic.gov.co/arquitecturati/630/w3-propertyvalue-8114.html | K51: La entidad formuló e implementa el Plan de Gestión Integral de Residuos Peligrosos, el cual contempla la disposición final de residuos tecnológicos o RAEE (página 11). | L51: Se relaciona todos los soportes implementaciòn del plan de residuos tecnologicos. | M51: Esto es competencia de Secretaria General | P51: Si | R51: La Secretaría General suministró el Plan Integral de Gestión de Residuos Peligrosos, Resolución N° 1164 de 2018, por la cual se autoriza la baja por obscelencia, deterioro y utilidad de usos de bienes transferidos por el INCODER, certificados de manifiesto de recolección de residuos industriales y pantallazo de los documentos dispuestos en la Intranet dentro del proceso de Administración de Bienes y Servicios.
